 Dungeon Crawl Stone Soup version 0.17-a0-1636-g3119f2b (console) character file.

9602725 Illaniel the Meteorologist (level 27, 224/224 HPs)
             Began as a High Elf Skald on July 31, 2015.
             Was the Champion of Zin.
             Escaped with the Orb
             ... and 15 runes on Aug 6, 2015!
             The game lasted 1 day 03:26:04 (181862 turns).

Illaniel the Meteorologist (High Elf Skald)   Turns: 181862, Time: 1 , 03:26:04

Health: 224/224    AC: 47    Str: 31    XL:     27
Magic:  40/46      EV: 43    Int: 42    God:    Zin [******]
Gold:   23481      SH:  0    Dex: 33    Spells: 18 memorised, 4 levels left

rFire  + + .     SeeInvis .     a - +9 triple sword (holy)
rCold  + + .     Clarity  +     w - +10 pearl dragon armour
rNeg   + + +     SustAt   .     (no shield)
rPois  ∞         Gourm    .     x - +2 helmet {Int+3}
rElec  +         Spirit   .     m - +2 cloak "Mashryko" {MR+ rCorr Int-4 Dex+5}
rCorr  +         Warding  .     A - +2 pair of gloves {Dex+3}
rMut   .         Stasis   .     I - +0 pair of boots of Beauty {rPois rF+ rC++ MP-9}
MR     ++++.                    E - amulet "Tufisygg" {Clar rElec MR+ Str+4}
Stlth  ++++......               P - ring of the Devil {rN++ MR+ EV+4 Stlth+}
                                j - ring of Suspicion {rF+ rN+ MR- Str+2 Int+8}

@: vitalised, swift, very slightly contaminated, hasted, deflect missiles, very
quick, incredibly resistant to hostile enchantments, stealthy
A: no striking features
a: Recite, Vitalisation, Imprison, Sanctuary, Cure All Mutations, Renounce
Religion
0: Orb of Zot
}: 15/15 runes: decaying, slimy, silver, golden, iron, obsidian, icy, bone,
abyssal, demonic, glowing, magical, fiery, dark, gossamer


You escaped.
You worshipped Zin.
Zin was exalted by your worship.
You were not hungry.

You visited 18 branches of the dungeon, and saw 95 of its levels.
You visited Pandemonium 17 times, and saw 35 of its levels.
You visited the Abyss 29 times.
You visited 1 ziggurat, and saw 17 of its levels.
You also visited: Labyrinth, Ossuary, Ice Cave and Wizlab.

You collected 27268 gold pieces.
You spent 3147 gold pieces at shops.
You donated 544 gold pieces to Zin.

Inventory:

Hand weapons
 a - a +9 triple sword of holy wrath (weapon)
 s - the +5 triple sword of the Gloaming {speed, Int+2}
   (Okawaru gifted it to you on level 4 of the Vaults)

   Attacks with this weapon are significantly faster.
   It affects your intelligence (+2).
 O - the +12 triple sword of Mimnin {venom, +Fly Str+4 Dex+4}
   (You found it in Pandemonium)

   It poisons the flesh of those it strikes.
   It affects your strength (+4).
   It affects your dexterity (+4).
   It lets you fly.
Armour
 m - the +2 cloak "Mashryko" (worn) {MR+ rCorr Int-4 Dex+5}
   (You found it on level 6 of the Pits of Slime)

   It affects your intelligence (-4).
   It affects your dexterity (+5).
   It affects your resistance to hostile enchantments.
   It protects you from acid and corrosion.
 w - a +10 pearl dragon armour (worn)
 x - a +2 helmet of intelligence (worn)
 A - a +2 pair of gloves of dexterity (worn)
 I - the +0 pair of boots of Beauty (worn) {rPois rF+ rC++ MP-9}
   (Okawaru gifted it to you on level 1 of the Lair of Beasts)

   It protects you from fire.
   It greatly protects you from cold.
   It protects you from poison.
   It affects your magic capacity (-9).
Magical staves
 b - an uncursed staff of energy
Jewellery
 e - the ring "Kebrutaz" {rF++ MR+ Str-4}
   (You found it on level 7 of Tartarus)

   [ring of protection from magic]

   It affects your strength (-4).
   It greatly protects you from fire.
   It affects your resistance to hostile enchantments.
 j - the ring of Suspicion (left hand) {rF+ rN+ MR- Str+2 Int+8}
   (You took it off a deep elf demonologist on level 3 of the Elven Halls)

   [ring of strength]

   It affects your strength (+2).
   It affects your intelligence (+8).
   It protects you from fire.
   It protects you from negative energy.
   It affects your resistance to hostile enchantments.
 t - the ring of Jemow {SustAt rC+ rN+ Str-4}
   (You found it on level 9 of a ziggurat)

   [ring of sustain attributes]

   It sustains your strength, intelligence and dexterity.
   It affects your strength (-4).
   It protects you from cold.
   It protects you from negative energy.
 E - the amulet "Tufisygg" (around neck) {Clar rElec MR+ Str+4}
   (You took it off an infernal demonspawn in Pandemonium)

   [amulet of clarity]

   It provides mental clarity.
   It affects your strength (+4).
   It insulates you from electricity.
   It affects your resistance to hostile enchantments.
 L - the ring "Agroemis" {+Inv rC+ MP-9 Str+3 Int+10}
   (You found it in Pandemonium)

   [ring of strength]

   It affects your strength (+3).
   It affects your intelligence (+10).
   It protects you from cold.
   It affects your magic capacity (-9).
   It lets you turn invisible.
 M - the amulet of the Saviour {rMut rPois Str-5 Dex+8}
   (You found it in an ice cave)

   [amulet of resist mutation]

   It protects you from mutation.
   It affects your strength (-5).
   It affects your dexterity (+8).
   It protects you from poison.
 P - the ring of the Devil (right hand) {rN++ MR+ EV+4 Stlth+}
   (You found it on level 17 of a ziggurat)

   [ring of evasion]

   It affects your evasion (+4).
   It greatly protects you from negative energy.
   It affects your resistance to hostile enchantments.
   It makes you more stealthy.
 R - the ring "Hyalerphu" {rN+ MR+ Int+3}
   (You found it on level 15 of a ziggurat)

   [ring of positive energy]

   It affects your intelligence (+3).
   It protects you from negative energy.
   It affects your resistance to hostile enchantments.
 S - the amulet of Activism {rN+ Regen+ SInv}
   (You found it in Pandemonium)

   [amulet of regeneration]

   It protects you from negative energy.
   It lets you see invisible.
   It increases your rate of regeneration.
Magical devices
 W - a wand of hasting (7)
 X - a wand of heal wounds (5)
 Y - a wand of heal wounds (6)
 Z - a wand of teleportation (5)
Scrolls
 d - 2 scrolls of silence
 g - 10 scrolls of blinking
 i - 37 scrolls of identify
 k - 19 scrolls of fog
 o - 7 scrolls of magic mapping
 q - 24 scrolls of teleportation
 u - 8 scrolls of summoning
 z - 7 scrolls of fear
 B - 46 scrolls of remove curse
 H - 4 scrolls of recharging
 J - 9 scrolls of immolation
 K - 5 scrolls of amnesia
 V - 2 scrolls of holy word
Potions
 c - 7 potions of cure mutation
 f - 16 potions of curing
 p - 2 potions of agility
 C - 2 potions of invisibility
 D - 3 potions of magic
 F - a potion of resistance
 G - 2 potions of cancellation
 N - 8 potions of haste
 Q - 5 potions of flight
 T - 3 potions of might
Miscellaneous
 l - a stone of tremors
 n - a legendary deck of changes {the Alchemist, drawn: 3}
 v - a disc of storms
 y - a legendary deck of escape {the Cloud, drawn: 2}
Comestibles
 h - 12 royal jellies
 r - 32 bread rations
 U - 33 meat rations


   Skills:
 O Level 27 Fighting
 O Level 27 Long Blades
 O Level 27 Armour
 O Level 27 Dodging
 O Level 27 Stealth
 O Level 27 Spellcasting
 - Level 17.1 Conjurations
 + Level 18.8 Hexes
 - Level 19.9 Charms
 - Level 4.3 Summonings
 - Level 15.4 Translocations
 O Level 27 Air Magic
 - Level 6.0 Poison Magic
 O Level 27 Invocations
 + Level 21.9 Evocations


You had 4 spell levels left.
You knew the following spells:

 Your Spells              Type           Power        Failure   Level  Hunger
a - Airstrike             Air            ########..   0%          4    None
b - Song of Slaying       Chrm           ########     0%          2    None
c - Spectral Weapon       Hex/Chrm       ########     0%          3    None
d - Tukima's Dance        Hex            ########     0%          3    None
e - Haste                 Chrm           ########     1%          6    None
f - Deflect Missiles      Chrm/Air       ########..   0%          6    None
g - Summon Butterflies    Summ           #######.     1%          1    None
i - Mass Confusion        Hex            ########..   1%          6    None
l - Tornado               Air            ########..   1%          9    None
p - Apportation           Tloc           ########..   0%          1    None
s - Silence               Hex/Air        ########..   0%          5    None
t - Controlled Blink      Tloc           N/A          1%          7    None
z - Summon Lightning Spi  Summ/Air       ########     0%          4    None
E - Swiftness             Chrm/Air       ########     0%          2    None
J - Aura of Abjuration    Summ           #######...   1%          5    None
L - Chain Lightning       Conj/Air       ########..   1%          8    None
P - Cure Poison           Pois           #######...   1%          2    None
T - Blink                 Tloc           N/A          0%          2    None


Dungeon Overview and Level Annotations

Branches:
Dungeon (15/15)            Temple (1/1) D:4            Lair (8/8) D:9
  Swamp (4/4) Lair:4       Spider (4/4) Lair:5        Slime (6/6) Lair:8
    Orc (4/4) D:11            Elf (3/3) Orc:3        Vaults (5/5) D:14
  Crypt (3/3) Vaults:3       Tomb (3/3) Crypt:3      Depths (5/5) D:15
   Hell (1/1)                 Dis (7/7) Hell            Geh (7/7) Hell
    Coc (7/7) Hell            Tar (7/7) Hell            Zot (5/5) Depths:5

Altars:
Ashenzari
Cheibriados
Dithmenos
Elyvilon
Fedhas
Gozag
Makhleb
Nemelex Xobeh
Okawaru
Qazlal
Ru
Sif Muna
Trog
Vehumet
Xom
Yredelemnul
Zin
The Shining One
Beogh
Jiyva
Lugonu

Shops:
D:5 :   D:6 =   Orc:4 (:(*[   Vaults:2 !   Vaults:3 (   Vaults:5 [=!%*

Portals:
Hell: Lair:8 Depths:1 Depths:2 Depths:3 Depths:4 Depths:5
Abyss: Depths:3 Depths:4
Pandemonium: Depths:2 Depths:3


Message History

There is a stone staircase leading down here.
Key pressed, stopping travel.
Casting: Chain Lightning
Confirm with . or Enter, or press ? or * to list all spells.
Aiming: Haste
Press: ? - help, Shift-Dir - straight line, f - you You feel yourself speed up.
You are very lightly contaminated with residual magic.
Casting: Haste
Confirm with . or Enter, or press ? or * to list all spells.
You feel quick.
(D) Dungeon (T) Temple (L) Lair (S) Swamp (N) Spider Nest (M) Slime Pits (O) Orcish Mines (E) Elven Halls (V) Vaults (C) Crypt (W) Tomb (U) Depths (H) Hell (I) Dis (G) Gehenna (X) Cocytus (Y) Tartarus (Z) Zot
Where to? (* - list waypoints, Enter - D:1, ? - help) You're already here!
There is a staircase leading out of the dungeon here.
You have escaped!

∙∙∙∙∙∙∙∙∙∙∙∙∙∙∙▒▒▒∙∙∙▒
▒▒▒▒▒▒∙∙∙∙∙∙▒∙∙∙∙∙∙▒∙▒
▒∙∙∙∙∙∙▒▒∙∙∙∙∙▒∙▒▒▒▒▒
▒▒▒▒▒▒∙∙▒∙▒∙▒∙∙∙∙∙∙▒∙∙∙∙∙▒
∙∙∙∙∙∙>∙∙∙▒∙∙∙∙∙∙∙∙▒▒▒▒▒∙▒
∙∙∙∙∙∙▒∙▒▒▒∙▒∙∙▒▒▒∙▒ ▒∙▒
∙∙▒▒▒∙∙∙∙∙∙∙∙∙∙∙∙∙∙▒ ▒∙▒
▒∙∙▒▒∙▒∙▒▒▒▒▒∙∙∙∙∙∙▒▒▒▒▒∙▒▒
▒▒∙∙▒∙▒∙▒ ▒∙∙∙∙∙∙▒▒∙∙∙∙∙▒▒
▒▒∙∙∙∙∙▒▒▒▒▒∙∙∙∙∙∙▒▒∙▒▒∙∙∙▒ ▒
▒∙(∙▒∙∙∙∙∙∙∙∙∙▒∙∙∙∙∙∙∙∙∙∙▒ ▒
▒▒∙∙▒∙▒∙▒∙∙∙∙▒∙▒∙∙∙∙▒∙▒∙∙▒ ▒
▒∙∙▒∙∙∙∙▒∙∙▒▒∙▒▒∙∙▒∙∙∙∙∙▒ ▒
▒∙∙▒∙∙∙∙▒∙∙▒∙∙∙▒∙∙▒)∙∙∙∙▒ ▒
▒∙∙▒∙▒∙∙▒∙∙▒∙∙∙▒∙∙▒∙∙▒∙▒▒ ▒
▒∙∙▒∙∙▒▒▒∙∙∙∙∙∙∙∙∙▒▒▒∙∙▒ ▒
▒∙∙▒▒∙∙∙∙∙∙▒∙@∙▒)∙∙∙∙∙▒▒ ▒▒
▒∙∙∙▒▒▒∙∙∙∙▒∙∙∙▒∙∙∙∙▒▒▒ ▒∙
▒∙∙▒▒ ▒▒∙∙∙∙▒▒▒∙)∙∙∙▒ ▒∙
▒∙∙▒▒▒▒▒∙∙∙∙∙▒∙∙∙∙∙∙▒ ▒▒∙
▒∙∙∙∙∙∙∙∙∙∙∙∙∙∙∙∙∙∙∙▒ ▒∙∙
▒∙∙▒▒▒∙∙∙▒▒∙∙∙∙∙▒▒∙∙▒▒▒▒▒▒▒▒∙∙
▒▒∙∙▒
▒∙∙▒▒▒∙∙∙∙∙▒▒▒∙∙∙∙∙∙∙∙∙∙∙
▒∙∙∙▒
▒∙∙▒▒∙▒∙∙∙▒∙▒▒∙▒▒▒▒▒▒▒▒▒∙
▒▒∙∙∙▒ ▒▒∙∙▒▒▒∙∙∙▒▒▒∙∙▒▒▒▒ ▒▒
▒▒∙∙∙∙▒ ▒▒∙∙▒∙∙∙∙∙▒∙∙∙∙∙∙▒
▒∙∙▒▒∙▒ ▒∙∙∙∙∙∙∙∙∙∙∙∙▒▒∙▒▒▒▒▒
∙∙▒▒▒∙▒ ▒∙∙▒▒▒▒∙∙∙∙∙∙∙∙∙∙∙∙∙▒
∙∙∙∙∙∙▒ ▒▒∙▒▒▒▒∙▒∙▒∙▒∙▒∙▒▒▒∙▒
∙▒▒▒▒∙▒ ▒∙∙∙∙∙∙∙∙▒∙∙∙∙∙▒▒▒∙▒▒▒
▒▒ ▒∙▒ ▒▒▒▒∙▒∙▒▒▒▒▒∙∙∙∙∙∙∙∙∙∙
▒∙▒▒▒▒▒▒▒▒▒∙▒∙▒ ▒▒▒▒▒▒▒∙▒▒▒
▒∙∙∙∙∙∙∙∙∙∙∙▒∙▒ ▒∙▒


There were no monsters in sight!

Vanquished Creatures
  Cerebov (Pan)
  Antaeus (Coc:7)
  Asmodeus (Geh:7)
  the royal jelly (Slime:6)
  Dissolution (Slime:6)
  Ereshkigal (Tar:7)
  Gloorx Vloq (Pan)
  A seraph (Pan)
  the Serpent of Hell (Tar:7)
  Mnoleg (Pan)
  Lom Lobon (Pan)
  The ghost of Geomchi the Grand Master, a legendary MfTm of Cheibriados (Pan)
  Dispater (Dis:7)
  5 orbs of fire
  Mennas (Depths:2)
  14 ancient liches
  35 greater mummies
  6 shard shrikes
  the Lernaean hydra (Swamp:4)
  Norris (Depths:2)
  Saint Roka (Orc:4)
  6 caustic shrikes
  5 curse toes
  5 Killer Klowns
  Geryon (Hell)
  Nikola (Elf:3)
  2 golden dragons
  5 profane servitors
  2 pearl dragons (Pan)
  19 bone dragons
  33 pandemonium lords
  33 Brimstone Fiends
  The ghost of jyrma the Slayer, a mighty MiBe of Trog (Slime:6)
  Jorgrun (Tomb:1)
  6 electric golems
  3 hellephants
  20 Hell Sentinels
  23 tentacled monstrosities
  30 Orb Guardians
  16 Ice Fiends
  22 titans
  Asterion (Elf:3)
  49 Shadow Fiends
  10 quicksilver dragons
  23 liches
  3 deep elf blademasters
  4 deep elf master archers
  43 Executioners
  12 acid blobs
  10 ancient champions
  3 octopode crushers (Depths:3)
  57 tentacled starspawn
  10 sphinxes
  10 shadow dragons
  4 thorn hunters
  18 azure jellies
  16 storm dragons
  9 draconian monks
  25 blood saints (Pan)
  12 revenants
  Roxanne (Swamp:4)
  7 tengu reavers
  15 daevas (Pan)
  Wiglaf (Elf:3)
  33 chaos champions
  6 ghost moths
  18 fire giants
  22 frost giants
  Donald (Swamp:4)
  9 greater nagas
  59 balrugs
  7 draconian knights
  An iron dragon (shapeshifter) (Zig:7)
  14 vault wardens
  An orc warlord (Orc:4)
  51 cacodemons
  16 iron dragons
  12 draconian scorchers
  2 caustic shrike zombies (Zig:16)
  7 curse skulls
  8 emperor scorpions
  14 draconian shifters
  10 draconian zealots
  6 deep elf sorcerers
  28 warmongers (Pan)
  29 angels (Pan)
  26 war gargoyles
  14 ironheart preservers
  3 ghouls (Crypt:2)
  10 draconian annihilators
  33 very ugly things
  4 spriggan defenders
  83 reapers
  13 ophanim (Pan)
  5 salamander firebrands
  40 stone giants
  6 draconian callers
  10 green draconians
  5 elemental wellsprings
  10 vampire knights
  4 bennus
  9 black draconians
  11 deep elf demonologists
  29 apis (Pan)
  17 mottled draconians
  15 deep elf annihilators
  11 purple draconians
  Azrael (D:14)
  23 lorocyprocas
  17 white draconians
  3 salamander stormcallers
  2 dire elephants (Lair:8)
  28 black suns
  19 corrupters
  12 red draconians
  10 yellow draconians
  5 eidola
  The ghost of Tyryt0 the Cleaver, a powerful MiGl of Okawaru (D:13)
  14 yaktaur captains
  Snorg (Orc:1)
  61 blizzard demons
  15 ettins
  6 deep elf high priests
  7 death oozes (Slime:6)
  9 deep elf death magi
  17 fire dragons
  An orange crystal statue (WizLab)
  10 jiangshi
  39 green deaths
  A minotaur (Lab)
  3 crystal guardians
  24 mummy priests
  38 vault guards
  8 entropy weavers
  5 ogre magi
  A spectral kraken (Tar:7)
  7 quicksilver dragon zombies
  14 great orbs of eyes
  A catoblepas (Lair:8)
  8 naga warriors
  Harold (D:10)
  26 ice dragons
  16 rakshasas
  An ice dragon (shapeshifter) (Depths:4)
  4 quicksilver dragon skeletons
  27 hell beasts
  2 ghost crabs
  8 death cobs
  8 centaur warriors
  31 hydras
  A hydra (shapeshifter) (Depths:4)
  65 monstrous demonspawn
  Erolcha (D:13)
  2 anacondas
  19 dancing weapons
  8 spriggan air magi
  5 death knights
  20 death yaks
  A queen ant (Spider:1)
  9 deep troll shamans
  4 tengu warriors
  7 deep troll earth magi
  12 hell hogs
  34 thrashing horrors
  6 holy swine (Pan)
  4 titan zombies
  7 alligators
  3 vampire magi
  An orc high priest (Orc:4)
  8 spriggan berserkers
  2 fire crabs (shapeshifter)
  7 titan skeletons
  8 shock serpents
  3 storm dragon zombies
  8 iron golems
  2 naga sharpshooters (Zig:17)
  25 deep elf knights
  4 salamander mystics
  21 hell knights
  45 soul eaters
  51 wretched stars
  82 sun demons
  65 ice devils
  An unseen horror (shapeshifter) (Vaults:4)
  14 spatial maelstroms
  12 iron trolls
  11 swamp dragons
  9 wizards
  106 skeletal warriors
  5 storm dragon skeletons
  2 fire crabs (Vaults:1)
  5 golden dragon zombies
  29 deep trolls
  12 shadow wraiths
  2 spriggan druids
  A ghost moth zombie (Geh:5)
  8 deep elf summoners
  38 death scarabs
  16 cherubim (Pan)
  8 unseen horrors
  12 giant orange brains
  59 infernal demonspawn (Pan)
  3 shambling mangroves
  5 anaconda zombies
  8 anaconda skeletons
  A swamp dragon (shapeshifter) (Depths:3)
  A hill giant (shapeshifter) (Vaults:5)
  6 ice statues
  2 death drakes
  An obsidian statue (Zig:5)
  47 shadow demons
  14 flayed ghosts
  18 ironbrand convokers
  39 torturous demonspawn (Pan)
  Pikel (D:7)
  3 golden dragon skeletons
  18 orc knights
  77 putrid demonspawn (Pan)
  5 shadow dragon zombies
  A lindwurm (D:11)
  54 gelid demonspawn (Pan)
  17 phantasmal warriors
  4 naga ritualists
  11 iron dragon zombies
  2 wolf spider zombies
  31 wolf spiders
  19 orb spiders
  11 necromancers
  4 cyclopes
  9 hill giants
  17 hornets
  2 sphinx zombies (Zig:16)
  2 manticores
  4 fire giant zombies
  An orb spider (shapeshifter) (Abyss:1)
  3 frost giant zombies
  An oklob plant (Orc:1)
  A shadow dragon skeleton (Abyss:1)
  16 anubis guards
  3 mana vipers
  4 stone giant zombies
  5 orc sorcerers
  60 ugly things
  11 deep elf conjurers
  9 salamanders
  2 sphinx skeletons (Depths:2)
  A manticore (shapeshifter) (Zig:7)
  4 griffons
  2 guardian serpents (shapeshifter)
  22 worldbinders
  5 apocalypse crabs
  5 shining eyes
  28 moths of wrath
  16 elephants
  Maurice (D:9)
  23 black mambas
  6 elf zombies
  111 sixfirhies
  A moth of wrath (shapeshifter) (Depths:4)
  7 fire giant skeletons
  2 hornets (shapeshifter)
  6 iron dragon skeletons
  9 naga magi
  11 vault sentinels
  6 dire elephant zombies
  3 shock serpent zombies
  7 frost giant skeletons
  12 guardian serpents
  5 centaur skeletons
  8 molten gargoyles
  145 orange demons
  3 stone giant skeletons
  4 gargoyles (Crypt:3)
  2 torpor snails
  3 eyes of devastation
  A black mamba (shapeshifter) (Vaults:2)
  2 centaur zombies
  A dire elephant skeleton (Coc:7)
  6 spectral swamp worms (Tar:7)
  187 smoke demons
  2 spiny frogs (shapeshifter)
  2 elf skeletons (Zig:16)
  A catoblepas zombie (Dis:7)
  A yaktaur zombie (Depths:1)
  27 spiny frogs
  23 efreet
  A fire drake (shapeshifter) (Vaults:2)
  76 hellions
  5 emperor scorpion zombies
  50 rust devils
  A spriggan skeleton (Zig:16)
  8 komodo dragons
  A yaktaur (shapeshifter) (Vaults:4)
  62 yaktaurs
  22 demonic crawlers
  13 deep elf priests
  45 guardian mummies
  4 harpy zombies
  46 tormentors
  4 kobold demonologists
  An anaconda simulacrum (Tomb:1)
  39 freezing wraiths
  6 silent spectres
  28 wasps
  A pale draconian skeleton (Crypt:2)
  133 hellwings
  63 blue devils
  9 fire drakes
  49 ancient zymes
  A raiju (shapeshifter) (Vaults:5)
  11 hydra zombies
  A ghost moth simulacrum (Abyss:1)
  2 trolls (shapeshifter)
  105 red devils
  6 tengu conjurers
  A merfolk (D:13)
  12 trolls
  18 jumping spiders
  2 polar bears
  9 giant leeches
  A jumping spider (shapeshifter) (D:15)
  7 hydra skeletons
  58 raiju
  3 harpy skeletons
  A hornet zombie (D:14)
  7 boulder beetles
  15 bog bodies
  129 slime creatures
  16 ushabtiu
  8 ettin zombies
  A jumping spider zombie (Crypt:2)
  7 blink frogs
  4 alligator zombies
  2 ice dragon zombies
  A black mamba zombie (Dis:1)
  A fire giant simulacrum (Vaults:3)
  12 two-headed ogres
  16 vampires
  97 ynoxinuls
  13 air elementals
  2 fire dragon zombies
  A tarantella (shapeshifter) (Vaults:2)
  A death drake skeleton (Crypt:2)
  4 fire dragon skeletons
  72 redbacks
  A frost giant simulacrum (Depths:2)
  18 shadows
  32 tarantellas
  18 trapdoor spiders
  122 flying skulls
  7 humans
  A spriggan (shapeshifter) (Vaults:5)
  4 alligator skeletons
  23 fire elementals
  An ice dragon skeleton (Abyss:1)
  33 wraiths
  4 ettin skeletons
  15 spriggans
  14 water elementals
  6 wyverns
  18 golden eyes
  30 deep elf magi
  A fire bat (shapeshifter) (Depths:5)
  22 deep elf fighters
  88 neqoxecs
  A yaktaur simulacrum (Vaults:3)
  32 chaos spawn
  A hippogriff (shapeshifter) (Elf:1)
  17 vampire mosquitoes
  A golden eye (shapeshifter) (Vaults:3)
  46 yaks
  4 basilisks
  197 large abominations
  11 hippogriffs
  2 hogs (shapeshifter)
  8 fire bats
  2 black mamba skeletons
  11 hungry ghosts
  A human (shapeshifter) (Abyss:1)
  25 swamp worms
  8 nagas
  A soldier ant (shapeshifter) (Abyss:1)
  Edmund (D:6)
  12 spatial vortices
  12 wolves
  57 hell hounds
  35 insubstantial wisps
  A merfolk zombie (Geh:7)
  5 wargs
  2 mottled dragons
  4 hydra simulacra
  134 small abominations
  4 spiny frog zombies
  13 water moccasins
  11 porcupines
  A faun skeleton (Crypt:1)
  12 swamp drakes
  32 ice beasts
  A spiny frog skeleton (Tar:7)
  5 sky beasts
  A slave (D:7)
  15 spiders
  9 eyes of draining
  6 soldier ants (Spider:1)
  46 orc warriors
  17 necrophages
  A wasp (shapeshifter) (Abyss:2)
  An elephant zombie (Crypt:1)
  4 snapping turtle zombies
  An alligator simulacrum (Coc:7)
  2 black bears
  12 centaurs
  6 phantoms
  7 boggarts
  A swamp dragon skeleton (Coc:7)
  5 big kobolds
  25 ogres
  3 manticore skeletons
  4 snapping turtle skeletons
  10 crocodiles
  A dryad zombie (Crypt:1)
  Blork the orc (D:5)
  A wyvern zombie (D:8)
  7 brain worms
  3 earth elementals
  17 giant frogs
  A spider zombie (Crypt:1)
  A gnoll sergeant (D:8)
  A water moccasin zombie (Ossuary)
  7 scorpions
  A wyvern skeleton (Crypt:1)
  3 killer bees (D:12)
  2 spriggan zombies
  A killer bee (shapeshifter) (Depths:5)
  A human simulacrum (Vaults:2)
  A snapping turtle simulacrum (Coc:3)
  A troll skeleton (Crypt:3)
  30 wights
  16 crimson imps
  26 quasits
  A wasp zombie (D:8)
  142 starcursed masses
  2 giant frog zombies
  9 hounds
  2 giant frog skeletons (D:4)
  2 human zombies
  A lava snake (D:11)
  37 orc wizards
  9 iguanas
  A soldier ant zombie (Crypt:2)
  18 jellies
  47 iron imps
  26 orc priests
  A black bear skeleton (Crypt:1)
  9 hell rats
  20 worker ants
  A lightning spire (Zig:11)
  4 killer bee zombies
  21 sheep
  3 tengu zombies
  A crocodile zombie (Crypt:2)
  3 hound skeletons
  51 mummies
  A worker ant zombie (D:6)
  19 gnolls
  14 adders
  63 river rats
  40 white imps
  14 shadow imps
  A giant eyeball (Pan)
  19 ufetubi
  3 adder skeletons
  7 adder zombies (Ossuary)
  6 worms
  173 orcs
  12 bats
  16 giant cockroaches
  3 gnoll zombies
  5 goblins
  9 hobgoblins
  12 jackals
  3 quokkas
  A ball python (D:4)
  10 giant geckos
  A giant gecko skeleton (D:4)
  10 giant newts
  3 hobgoblin zombies (Ossuary)
  52 kobolds
  A kobold skeleton (Abyss:1)
  6 kobold zombies
  4 orc zombies (Ossuary)
  22 rats
  2 blocks of ice (Pan)
  A crawling corpse (Vaults:5)
  2 fire vortices (Pan)
  A fulminant prism (Pan)
  2 fungi (Lair:7)
  2 lost souls
  4 lurking horrors (Abyss:1)
  22 pillars of salt
  A plant (Lair:8)
  9 spectral weapons
  35 starspawn tentacles
  A starspawn tentacle segment (Abyss:1)
  A tentacle (Tar:7)
7859 creatures vanquished.

Vanquished Creatures (collateral kills)
  An ancient lich (Crypt:3)
  A caustic shrike (Depths:4)
  A lich (Crypt:3)
  A tentacled monstrosity (Depths:4)
  A deep elf master archer (Crypt:2)
  An acid blob (Slime:6)
  2 warmongers (Pan)
  2 sphinxes
  A thorn hunter (Swamp:4)
  A tengu reaver (Depths:4)
  2 shadow dragons
  A storm dragon (Depths:4)
  3 deep elf sorcerers (Elf:3)
  Maud (Lair:4)
  A frost giant (Slime:5)
  3 fire giants
  Aizul (Swamp:4)
  A curse skull (Crypt:3)
  2 iron dragons
  2 vault wardens
  2 draconian annihilators
  A spriggan defender (Depths:4)
  An ironheart preserver (Vaults:2)
  A war gargoyle (Crypt:3)
  A very ugly thing (Depths:2)
  2 deep elf demonologists (Elf:3)
  2 stone giants
  2 ophanim (Pan)
  A black draconian (Zot:1)
  5 deep elf annihilators
  2 red draconians
  3 mottled draconians
  A white draconian (Zot:4)
  A salamander stormcaller (Vaults:3)
  2 yellow draconians
  An eidolon (Crypt:3)
  A deep elf death mage (Depths:4)
  4 vault guards
  3 fire dragons
  A yaktaur captain (Vaults:2)
  A death cob (Zot:4)
  A spriggan air mage (Depths:2)
  A hydra (Swamp:4)
  A monstrous demonspawn (Pan)
  An ice dragon (Zot:1)
  2 deep troll earth magi
  An ogre mage (Vaults:1)
  A deep troll shaman (Depths:3)
  A satyr (shapeshifter) (Depths:4)
  5 deep elf knights
  A vampire mage (Crypt:3)
  3 spriggan berserkers (Depths:2)
  5 hell knights (Crypt:3)
  2 iron golems (Hell)
  An iron troll (Hell)
  4 skeletal warriors
  A shadow wraith (Hell)
  2 ice devils
  A necromancer (Depths:2)
  A gelid demonspawn (Pan)
  A hill giant (D:15)
  An ice statue (Coc:7)
  5 deep trolls
  A torturous demonspawn (Pan)
  2 deep elf summoners
  An orc knight (Vaults:3)
  2 deep elf conjurers
  2 shining eyes
  2 moths of wrath (Zot:1)
  A wolf spider zombie (Hell)
  A fire giant zombie (Hell)
  4 ugly things (Depths:2)
  A manticore (Elf:1)
  2 vault sentinels (Vaults:5)
  An iron dragon skeleton (Crypt:3)
  2 sixfirhies (Pan)
  A molten gargoyle (Hell)
  2 orange demons
  3 smoke demons
  An eye of devastation (Slime:6)
  6 yaktaurs
  A hellwing (Pan)
  A guardian mummy (Crypt:3)
  4 red devils
  2 deep elf priests
  A yaktaur skeleton (Depths:1)
  A hydra zombie (Coc:7)
  A freezing wraith (Coc:7)
  2 blue devils (Hell)
  A bog body (Swamp:4)
  6 slime creatures
  A wraith (Crypt:3)
  An ice dragon skeleton (Crypt:3)
  4 redbacks
  An air elemental (Depths:4)
  5 spriggans
  2 shadows (Crypt:3)
  A large abomination (Abyss:1)
  3 deep elf magi
  A hungry ghost (Crypt:3)
  7 golden eyes
  9 deep elf fighters
  A warg (Vaults:4)
  A swamp worm (Lair:4)
  2 hell hounds
  4 eyes of draining
  6 orc warriors
  A spiny frog skeleton (Crypt:3)
  A spiny frog zombie (Hell)
  2 ogres (Vaults:2)
  2 necrophages (Crypt:2)
  3 wasps (Depths:2)
  A boggart (Depths:2)
  2 small abominations (Abyss:1)
  A scorpion (Elf:1)
  A scorpion (shapeshifter) (Elf:3)
  A wight (D:12)
  An electric eel (Lair:4)
  A crimson imp (Hell)
  2 iron imps (Dis:7)
  2 orc priests
  3 orc wizards
  8 jellies
  A mummy (Crypt:3)
  A white imp (Abyss:2)
  2 ufetubi (Abyss:1)
  A worm (shapeshifter) (Vaults:5)
  14 orcs
  2 crawling corpses (Elf:2)
  A starspawn tentacle (Abyss:1)
  A starspawn tentacle segment (Abyss:1)
268 creatures vanquished.

Vanquished Creatures (others)
  A pandemonium lord (Pan)
  A shard shrike (Coc:3)
  A titan (Pan)
  A tentacled starspawn (Abyss:1)
  An eldritch tentacle (Coc:4)
  A tengu reaver (Depths:4)
  A fire giant (Crypt:2)
  A draconian annihilator (Pan)
  A reaper (Dis:1)
  A white draconian (Zot:2)
  A deep elf demonologist (Elf:3)
  Fannar (D:10)
  A monstrous demonspawn (Zig:12)
  A deep elf knight (Elf:3)
  A wretched star (Abyss:1)
  A skeletal warrior (Coc:7)
  10 death scarabs
  A storm dragon skeleton (Tomb:2)
  An infernal demonspawn (Pan)
  A spriggan druid (Swamp:4)
  A shadow demon (Pan)
  An unseen horror (Abyss:1)
  A wizard (Depths:1)
  A shadow wraith (Abyss:1)
  A phantasmal warrior (Vaults:5)
  A fire giant zombie (Geh:6)
  A frost giant zombie (Dis:7)
  2 sixfirhies
  A moth of wrath (Zot:5)
  A frost giant skeleton (Tomb:3)
  A tormentor (Zig:12)
  2 hellwings (Pan)
  12 dancing weapons
  A blink frog (shapeshifter) (D:14)
  A raiju (Abyss:1)
  A hydra skeleton (Coc:7)
  6 flying skulls
  3 redbacks
  A deep elf mage (Elf:1)
  2 shadows
  A fire elemental (Geh:6)
  A deep elf fighter (Elf:1)
  2 golden eyes (Abyss:1)
  A chaos spawn (Abyss:1)
  2 slaves (D:7)
  2 boggarts
  A wight (Abyss:1)
  An iron imp (Dis:7)
  A sheep (D:14)
  3 mummies (Tomb:2)
  2 orcs
  An orc skeleton (Tomb:2)
  A bush (Swamp:4)
  A crawling corpse (Vaults:5)
  96 eldritch tentacle segments (Coc:4)
  2 fire vortices
  37 fungi
  9 lost souls
  4 lurking horrors (Abyss:1)
  24 pillars of salt
  15 plants
  242 spectral weapons
  108 starspawn tentacles
  942 starspawn tentacle segments
  4 tentacles (Tar:7)
  47 tentacle segments (Tar:7)
1620 creatures vanquished.

Grand Total: 9747 creatures vanquished

Notes
Turn   | Place    | Note
--------------------------------------------------------------
     0 | D:1      | Illaniel the High Elf Skald began the quest for the Orb.
     0 | D:1      | Reached XP level 1. HP: 14/14 MP: 4/4
    10 | D:1      | Reached skill level 1 in Armour
   283 | D:1      | Reached XP level 2. HP: 9/19 MP: 2/6
   287 | D:1      | Learned a level 2 spell: Shroud of Golubria
   996 | D:1      | Reached XP level 3. HP: 13/25 MP: 2/7
  1037 | D:1      | Learned a level 3 spell: Spectral Weapon
  1619 | D:2      | Reached skill level 4 in Charms
  1627 | D:2      | You fall through a shaft for 2 floors!
  1630 | D:4      | Found a sand-covered staircase.
  1635 | Ossuary  | Entered an ossuary
  1811 | Ossuary  | Reached XP level 4. HP: 30/30 MP: 1/9
  2105 | Ossuary  | Reached XP level 5. HP: 28/36 MP: 4/10
  2111 | Ossuary  | Learned a level 3 spell: Regeneration
  2488 | D:4      | Found a staircase to the Ecumenical Temple.
  2492 | Temple   | Entered the Ecumenical Temple
  2499 | Temple   | Became a worshipper of Warmaster Okawaru
  2729 | D:2      | Reached skill level 1 in Hexes
  3490 | D:3      | Reached XP level 6. HP: 42/42 MP: 0/11
  3494 | D:3      | Learned a level 2 spell: Song of Slaying
  3576 | D:3      | HP: 1/42 [orc/flail (10)]
  4217 | D:3      | Found a sparkling altar of Nemelex Xobeh.
  4727 | D:4      | Acquired Okawaru's first power
  5374 | D:4      | Reached XP level 7. HP: 46/46 MP: 6/13
  5387 | D:4      | Noticed a big kobold
  5392 | D:4      | Killed a big kobold
  5392 | D:4      | Reached skill level 5 in Long Blades
  5439 | D:4      | Noticed a big kobold
  5459 | D:4      | Killed a big kobold
  5707 | D:4      | Noticed a big kobold
  6480 | D:4      | Killed a big kobold
  6746 | D:5      | Entered Level 5 of the Dungeon
  6810 | D:5      | Reached XP level 8. HP: 48/54 MP: 9/15
  6898 | D:5      | Noticed Blork the orc
  6925 | D:5      | Killed Blork the orc
  6971 | D:5      | Reached skill level 5 in Dodging
  7068 | D:5      | Found Jilakhlan's Book Boutique.
  7158 | D:5      | Reached skill level 1 in Stealth
  7158 | D:5      | Reached skill level 5 in Charms
  7312 | D:5      | Reached skill level 6 in Long Blades
  7349 | D:6      | Reached skill level 1 in Evocations
  7411 | D:6      | Found a bloodstained altar of Trog.
  7419 | D:6      | Found a radiant altar of Vehumet.
  7456 | D:6      | Noticed Edmund
  7607 | D:6      | Reached skill level 1 in Invocations
  7758 | D:6      | Found Yducsini's Jewellery Boutique.
  7825 | D:6      | Learned a level 3 spell: Confuse
  7918 | D:6      | Killed Edmund
  7918 | D:6      | Reached XP level 9. HP: 49/59 MP: 12/17
  8312 | D:7      | Found a shimmering altar of Xom.
  8312 | D:7      | Found an opulent altar of Gozag.
  8316 | D:7      | Found a deep blue altar of Sif Muna.
  8522 | D:7      | Reached skill level 5 in Spellcasting
  8538 | D:7      | Reached skill level 5 in Fighting
  8610 | D:7      | Noticed Pikel
  8626 | D:7      | Killed Pikel
  8626 | D:7      | Reached skill level 7 in Long Blades
  8745 | D:7      | Learned a level 2 spell: Confusing Touch
  8932 | D:6      | Found a shadowy altar of Dithmenos.
  9859 | D:8      | Reached XP level 10. HP: 60/66 MP: 4/19
 10269 | D:9      | Noticed a guardian serpent
 10275 | D:9      | Noticed a guardian serpent
 10413 | D:9      | Reached skill level 8 in Long Blades
 10424 | D:9      | Killed a guardian serpent
 10570 | D:9      | Noticed Maurice
 10654 | D:9      | Killed Maurice
 10729 | D:9      | Noticed a hill giant
 10866 | D:9      | Found a staircase to the Lair.
 10933 | Lair:1   | Entered Level 1 of the Lair of Beasts
 10997 | Lair:1   | Received a gift from Okawaru
 11175 | Lair:1   | Noticed a five-headed hydra
 11212 | Lair:1   | Killed a five-headed hydra
 11212 | Lair:1   | Acquired Okawaru's second power
 11531 | Lair:1   | Noticed a black mamba
 11583 | Lair:1   | Killed a black mamba
 11583 | Lair:1   | Reached skill level 9 in Long Blades
 11626 | Lair:1   | Reached XP level 11. HP: 54/72 MP: 2/21
 11776 | Lair:1   | Received a gift from Okawaru
 11777 | Lair:1   | Got a pair of crude boots {god gift}
 11794 | Lair:1   | Identified the +0 pair of boots of Beauty {rPois rF+ rC++ MP-9} (Okawaru gifted it to you on level 1 of the Lair of Beasts)
 11954 | Lair:1   | Reached skill level 5 in Stealth
 12413 | Lair:2   | Found a frozen archway.
 12468 | Lair:2   | Reached skill level 5 in Hexes
 12479 | IceCv    | Entered an ice cave
 12611 | IceCv    | Noticed an ice statue
 12611 | IceCv    | Noticed an ice statue
 12922 | IceCv    | Killed an ice statue
 13064 | IceCv    | Killed an ice statue
 13064 | IceCv    | Reached skill level 10 in Long Blades
 13269 | IceCv    | Noticed an ice dragon
 13279 | IceCv    | Noticed an ice dragon
 13296 | IceCv    | Killed an ice dragon
 13296 | IceCv    | Reached skill level 5 in Armour
 13305 | IceCv    | Killed an ice dragon
 13305 | IceCv    | Reached skill level 5 in Evocations
 13389 | IceCv    | Got a fine garnet amulet
 13391 | IceCv    | Identified the amulet of the Saviour {rMut rPois Str-5 Dex+8} (You found it in an ice cave)
 13773 | Lair:2   | Noticed a death yak
 13773 | Lair:2   | Noticed a death yak
 13827 | Lair:2   | Found a shadowy altar of Dithmenos.
 14272 | Lair:3   | Reached XP level 12. HP: 22/80 MP: 7/24
 14432 | Lair:3   | Received a gift from Okawaru
 14433 | Lair:3   | Got a spiked hat {god gift}
 14439 | Lair:3   | Identified the +3 hat of Nuadanes {rPois} (Okawaru gifted it to you on level 3 of the Lair of Beasts)
 15140 | Lair:4   | Reached skill level 5 in Invocations
 15225 | Lair:4   | Found a staircase to the Swamp.
 15445 | Lair:4   | Noticed Maud
 15707 | D:9      | Killed a hill giant
 15848 | D:9      | Killed a guardian serpent
 16069 | D:10     | Entered Level 10 of the Dungeon
 16152 | D:10     | Noticed Fannar
 16190 | D:10     | Killed Fannar
 16456 | D:10     | Reached skill level 11 in Long Blades
 16562 | D:10     | Reached skill level 10 in Dodging
 16812 | D:10     | Noticed Harold
 16840 | D:10     | Killed Harold
 16925 | D:11     | Found a staircase to the Orcish Mines.
 17901 | D:11     | Got a scorched platinum amulet
 17908 | D:11     | Learned a level 3 spell: Tukima's Dance
 17909 | D:11     | Identified the amulet "Ugeumueffa" {rF- rC+ Regen+ Dex+2} (You found it on level 11 of the Dungeon)
 18418 | D:12     | Reached XP level 13. HP: 86/86 MP: 11/26
 18713 | Orc:1    | Entered Level 1 of the Orcish Mines
 19101 | Orc:2    | You fall through a shaft for 2 floors!
 19101 | Orc:4    | Entered Level 4 of the Orcish Mines
 19408 | Orc:1    | Found a roughly hewn altar of Beogh.
 19601 | Orc:1    | Noticed Snorg
 19610 | Orc:1    | Killed Snorg
 19993 | Orc:3    | Found a roughly hewn altar of Beogh.
 20005 | Orc:3    | Found a staircase to the Elven Halls.
 20515 | Orc:4    | Found Ofruczal's Antique Weapon Emporium.
 20631 | Orc:4    | Paralysed by an orc sorcerer for 5 turns
 20635 | Orc:4    | Noticed an orc warlord
 20842 | Orc:4    | Noticed Saint Roka
 21002 | Orc:4    | Received a gift from Okawaru
 21630 | Orc:4    | Killed Saint Roka
 21886 | Orc:4    | Paralysed by an orc sorcerer for 4 turns
 21903 | Orc:4    | Reached skill level 12 in Long Blades
 22439 | Orc:4    | Received a gift from Okawaru
 22976 | Orc:4    | Found a roughly hewn altar of Beogh.
 23336 | Orc:4    | Killed an orc warlord
 23351 | Orc:4    | Found Foqyvvog's Antique Armour Shop.
 23363 | Orc:4    | Found Neol's Book Shop.
 23397 | Orc:4    | Found Peblu's Antique Weapon Shop.
 23414 | Orc:4    | Bought a fine scale mail for 189 gold pieces
 23453 | Orc:4    | Bought a book of Air for 420 gold pieces
 23456 | Orc:4    | Learned a level 2 spell: Repel Missiles
 23459 | Orc:4    | Learned a level 2 spell: Swiftness
 23468 | Orc:4    | Found Gypidgh's General Store.
 23542 | Orc:4    | Identified the cursed +0 scale mail of Surprise {rC+ MP+9 Slay+2 Stlth-} (You bought it in a shop on level 4 of the Orcish Mines)
 23993 | Lair:4   | Noticed a seven-headed hydra
 24026 | Lair:4   | Killed a two-headed hydra
 24027 | Lair:4   | Reached skill level 1 in Air Magic
 24426 | Lair:3   | Reached XP level 14. HP: 84/94 MP: 19/28
 24442 | Lair:2   | Noticed a death yak
 24442 | Lair:2   | Noticed a death yak
 24443 | Lair:2   | Noticed a death yak
 24535 | Lair:2   | Killed a death yak
 24565 | Lair:2   | Killed a death yak
 24571 | Lair:2   | Killed a death yak
 24573 | Lair:2   | Killed a death yak
 24580 | Lair:2   | Killed a death yak
 24989 | Lair:4   | Killed Maud
 24989 | Lair:4   | Received a gift from Okawaru
 25388 | Lair:5   | Reached skill level 10 in Spellcasting
 25601 | Lair:5   | Found a hole to the Spider Nest.
 26918 | Lair:6   | Got a faintly glowing leather armour
 26929 | Lair:6   | Identified the +1 leather armour of Gluttony {-Cast rN++} (You found it on level 6 of the Lair of Beasts)
 27767 | Lair:7   | Reached skill level 5 in Air Magic
 27791 | Lair:7   | Received a gift from Okawaru
 27831 | Lair:6   | Identified a +1 pair of boots of running (Okawaru gifted it to you on level 7 of the Lair of Beasts)
 27965 | Lair:6   | Reached skill level 13 in Long Blades
 28262 | Lair:8   | Entered Level 8 of the Lair of Beasts
 28658 | Lair:8   | Reached XP level 15. HP: 67/101 MP: 16/31
 28953 | Lair:8   | Found a viscous altar of Jiyva.
 28953 | Lair:8   | Found a staircase to the Slime Pits.
 29349 | Lair:8   | Found a burning altar of Makhleb.
 29413 | Lair:8   | Found a gateway to Hell.
 29848 | Lair:1   | Received a gift from Okawaru
 29849 | Lair:1   | Got a faintly glowing hunting sling {god gift}
 30023 | D:6      | Bought the amulet "Nureom" {rElec Regen+ Dex+3} for 503 gold pieces
 30260 | Swamp:1  | Entered Level 1 of the Swamp
 31454 | Swamp:2  | Reached skill level 10 in Fighting
 31929 | Swamp:3  | Noticed a thorn hunter
 31941 | Swamp:3  | Killed a thorn hunter
 31966 | Swamp:3  | Found a glowing silver altar of Zin.
 31975 | Swamp:3  | Got a scorched ring mail
 31986 | Swamp:3  | Identified the +5 ring mail "Liashum" {*Corrode rElec Regen+ Stlth+} (You found it on level 3 of the Swamp)
 32011 | Swamp:3  | Received a gift from Okawaru
 32610 | Swamp:3  | Reached skill level 14 in Long Blades
 32626 | Swamp:4  | Entered Level 4 of the Swamp
 32641 | Swamp:4  | Reached XP level 16. HP: 105/110 MP: 16/32
 32645 | Swamp:4  | Noticed Roxanne
 33122 | Swamp:4  | Noticed Donald
 33457 | Swamp:3  | Noticed a tentacled monstrosity
 33470 | Swamp:3  | Killed a tentacled monstrosity
 33470 | Swamp:3  | Reached skill level 10 in Charms
 33474 | Swamp:4  | Noticed a thorn hunter
 33483 | Swamp:4  | Killed a thorn hunter
 33921 | Swamp:4  | Noticed the 27-headed Lernaean hydra
 33986 | Swamp:4  | Noticed Aizul
 34153 | Spider:1 | Entered Level 1 of the Spider Nest
 35356 | Spider:2 | Reached skill level 10 in Stealth
 35393 | Spider:1 | Reached skill level 10 in Air Magic
 35564 | Spider:2 | Received a gift from Okawaru
 35565 | Spider:2 | Got a smelly ring mail {god gift}
 35576 | Spider:2 | Identified the +4 ring mail "Boeg Osi" {rC++ Int+7 SInv} (Okawaru gifted it to you on level 2 of the Spider Nest)
 35664 | Spider:2 | You fall through a shaft!
 37045 | Spider:3 | Reached XP level 17. HP: 101/117 MP: 15/35
 38203 | Spider:4 | Entered Level 4 of the Spider Nest
 38332 | Spider:4 | Got a twisted scimitar
 38333 | Spider:4 | Identified the +4 scimitar "Butar" {flame, rPois rC+ rN+ Str+3} (You found it on level 4 of the Spider Nest)
 39234 | Spider:4 | Received a gift from Okawaru
 39504 | Spider:4 | Received a gift from Okawaru
 39528 | Spider:4 | Got a gossamer rune of Zot
 40509 | D:13     | Noticed Tyryt0's ghost (powerful MiGl)
 40522 | D:13     | Killed Tyryt0's ghost
 40537 | D:13     | Noticed Erolcha
 40571 | D:13     | Killed Erolcha
 40966 | D:13     | Identified a scroll of acquirement
 41431 | D:14     | Found a labyrinth entrance.
 41449 | Lab      | Entered a labyrinth
 41687 | Lab      | Received a gift from Okawaru
 41726 | Lab      | Got a sparkling platinum ring
 41754 | D:14     | Identified the ring "Xaentuwo" {AC+1 Int+2 SInv} (You took it off a minotaur in a labyrinth)
 41760 | D:14     | Noticed Azrael
 41774 | D:14     | Killed Azrael
 41783 | D:14     | Reached skill level 10 in Armour
 42084 | Lair:1   | Identified a +1 pair of boots of running (You found it in a labyrinth)
 42508 | D:14     | Reached XP level 18. HP: 49/125 MP: 20/37
 42647 | D:14     | Reached skill level 15 in Long Blades
 42811 | D:14     | Found a gate to the Vaults.
 42812 | D:14     | Identified a +0 rod of clouds (11/11) (You took it off a minotaur in a labyrinth)
 42829 | D:14     | Received a gift from Okawaru
 42830 | D:14     | Got a bloodstained cloak {god gift}
 42900 | D:14     | Learned a level 4 spell: Airstrike
 42905 | D:14     | Learned a level 4 spell: Summon Lightning Spire
 42912 | D:14     | Learned a level 6 spell: Deflect Missiles
 42918 | D:14     | Learned a level 5 spell: Silence
 43194 | D:14     | Found an opulent altar of Gozag.
 43546 | Lair:1   | Identified the -1 cloak of Temperance {Str+3} (Okawaru gifted it to you on level 14 of the Dungeon)
 43838 | Swamp:4  | Reached skill level 15 in Dodging
 43842 | Swamp:4  | Reached skill level 1 in Summonings
 43854 | Swamp:4  | Killed Donald
 43998 | Swamp:4  | Killed Aizul
 44428 | Swamp:4  | Killed the 22-headed Lernaean hydra
 44440 | Swamp:4  | Got a decaying rune of Zot
 45139 | D:15     | Entered Level 15 of the Dungeon
 45166 | D:15     | Found a staircase to the Depths.
 45171 | D:15     | Received a gift from Okawaru
 45871 | Vaults:1 | Entered Level 1 of the Vaults
 46454 | Vaults:1 | Reached skill level 15 in Spellcasting
 46571 | Vaults:1 | Received a gift from Okawaru
 47483 | Vaults:2 | Found an iron altar of Okawaru.
 47929 | Vaults:2 | Found Ympeiff's Distillery.
 47955 | Vaults:2 | Reached XP level 19. HP: 131/131 MP: 19/39
 47973 | Vaults:2 | Learned a level 1 spell: Apportation
 47976 | Vaults:2 | Learned a level 2 spell: Blink
 48203 | Vaults:2 | Received a gift from Okawaru
 48235 | Vaults:2 | Reached skill level 1 in Translocations
 48803 | Vaults:3 | Found Hewk's Weapon Shoppe.
 48899 | Vaults:3 | Found a staircase to the Crypt.
 50153 | Vaults:3 | Received a gift from Okawaru
 50154 | Vaults:3 | Got a jewelled cloak {god gift}
 50165 | Vaults:3 | Identified the +0 cloak "Edemmaiwk" {rPois} (Okawaru gifted it to you on level 3 of the Vaults)
 51777 | Vaults:4 | Got a twisted robe
 51829 | Vaults:4 | Identified the +2 robe of the King of the Hill {Str+7 SInv} (You took it off a tengu conjurer on level 4 of the Vaults)
 51837 | Vaults:4 | Got an opalescent robe
 51843 | Vaults:4 | Identified the cursed -5 robe of Misfortune {-Cast *Contam *Tele EV-4 Str-2 Int-2 Dex-2 Stlth-- *Curse} (You found it on level 4 of the Vaults)
 51862 | Vaults:4 | Found a radiant altar of Vehumet.
 51880 | Vaults:4 | Got a brightly glowing robe
 51900 | Vaults:4 | Identified the +2 robe "Fiuxtuot" {*Drain rElec Int+5} (You found it on level 4 of the Vaults)
 52200 | Vaults:4 | Received a gift from Okawaru
 52202 | Vaults:4 | Got a pitted triple sword {god gift}
 52208 | Vaults:4 | Identified the +5 triple sword of the Gloaming {speed, Int+2} (Okawaru gifted it to you on level 4 of the Vaults)
 52543 | Vaults:4 | Reached skill level 16 in Spellcasting
 53233 | Lair:1   | Upgraded the game from 0.17-a0-1596-g1e86911 to 0.17-a0-1614-g2062e81
 53316 | Elf:1    | Entered Level 1 of the Elven Halls
 53438 | Elf:1    | Received a gift from Okawaru
 53693 | Elf:1    | Reached XP level 20. HP: 65/139 MP: 27/41
 54157 | Elf:2    | Reached skill level 15 in Air Magic
 54251 | Elf:2    | Found a runed gate.
 54251 | Elf:2    | Found a runed gate.
 54251 | Elf:2    | Found a runed gate.
 54821 | Elf:2    | Received a gift from Okawaru
 55528 | Elf:3    | Entered Level 3 of the Elven Halls
 55563 | Elf:3    | Learned a level 1 spell: Summon Butterflies
 55576 | Elf:3    | Noticed Asterion
 55595 | Elf:3    | Killed Asterion
 55595 | Elf:3    | Received a gift from Okawaru
 55917 | Elf:3    | Got a bloodstained robe
 55928 | Elf:3    | Identified the +2 robe "Oxuelieb" {rN+ MP+9 Dex+2} (You found it on level 3 of the Elven Halls)
 56069 | Elf:3    | Received a gift from Okawaru
 56070 | Elf:3    | Noticed Nikola
 56103 | Elf:3    | Killed Nikola
 56956 | Elf:3    | Noticed Wiglaf
 56972 | Elf:3    | Killed Wiglaf
 57161 | Elf:3    | Received a gift from Okawaru
 57220 | Elf:3    | Got a transparent bronze ring
 57235 | Elf:3    | Got a steaming great sword
 57235 | Elf:3    | Got a distressingly furry leather armour
 57297 | Elf:3    | Identified the +3 leather armour of Indemnity {rPois rC+ Regen+ Dex-3} (You took it off a deep elf demonologist on level 3 of the Elven Halls)
 57314 | Elf:3    | Identified the ring of Suspicion {rF+ rN+ MR- Str+2 Int+8} (You took it off a deep elf demonologist on level 3 of the Elven Halls)
 57321 | Elf:3    | Identified the +11 great sword of the Old World {vamp, rElec} (You took it off a deep elf demonologist on level 3 of the Elven Halls)
 57435 | Elf:3    | Cast into the Abyss (a deep elf demonologist)
 57435 | Abyss:1  | Found a corrupted altar of Lugonu.
 57440 | Abyss:1  | Got a pair of spiked boots
 57612 | Abyss:1  | Found an opulent altar of Gozag.
 57732 | Abyss:1  | Identified the +0 pair of boots "Xoaqyas" {rF+ Int+4 Stlth+} (You found it on level 1 of the Abyss)
 57809 | Abyss:1  | Reached skill level 10 in Invocations
 58057 | Abyss:1  | Found a corrupted altar of Lugonu.
 58088 | Abyss:1  | Found a snail-covered altar of Cheibriados.
 58303 | Abyss:1  | Found a corrupted altar of Lugonu.
 58493 | Abyss:1  | Reached skill level 17 in Spellcasting
 58644 | Abyss:1  | Reached XP level 21. HP: 145/145 MP: 30/43
 58708 | Abyss:1  | Gained mutation: You evolve. [a neqoxec]
 58717 | Abyss:1  | Gained mutation: You are dopey. (Int -2) [a neqoxec]
 58727 | Abyss:1  | Lost mutation: You are dopey. (Int -2) [evolution]
 59681 | Abyss:1  | Upgraded the game from 0.17-a0-1614-g2062e81 to 0.17-a0-1621-gfc7a675
 60412 | Abyss:1  | Received a gift from Okawaru
 60525 | Elf:3    | Escaped the Abyss
 60933 | Lair:1   | Got a scintillating tin ring
 60935 | Lair:1   | Identified the ring "Goisk" {Ice rElec Int+4 Slay-6 SInv} (You acquired it on level 1 of the Lair of Beasts)
 61970 | Elf:3    | Identified Siofiept's Handbook of Earthen Enhancements (You found it on level 3 of the Elven Halls)
 62003 | Elf:3    | Identified Lojog's Arcane Secrets of Spellcasting (You found it on level 3 of the Elven Halls)
 62532 | Depths:1 | Entered Level 1 of the Depths
 62713 | Depths:1 | Reached skill level 18 in Spellcasting
 62963 | D:15     | Gained mutation: You have a pair of small horns on your head. [evolution]
 63156 | Depths:1 | Reached XP level 22. HP: 133/153 MP: 4/45
 63944 | Depths:2 | Received a gift from Okawaru
 63947 | Depths:2 | Got a polished long sword {god gift}
 63951 | Depths:2 | Identified the +7 long sword of War {pain, rN+ Str+3} (Okawaru gifted it to you on level 2 of the Depths)
 64232 | Depths:2 | Noticed Norris
 64252 | Depths:2 | Killed Norris
 64279 | Depths:2 | Found a one-way gate leading to the halls of Pandemonium.
 64450 | Depths:2 | Received a gift from Okawaru
 64483 | Depths:2 | Found a gateway to a ziggurat.
 64523 | Depths:2 | Reached skill level 5 in Translocations
 64961 | Depths:2 | Got a shimmering leather armour
 64997 | Depths:2 | HP: 7/154 [acid (8)]
 65199 | Lair:1   | Identified the +1 leather armour "Quujag" {Dex+3 Slay+4} (You took it off a spriggan on level 2 of the Depths)
 65206 | Lair:1   | Learned a level 3 spell: Inner Flame
 65802 | Depths:2 | Identified the Handbook of Stolen Souls and Execration
 66010 | Depths:3 | Received a gift from Okawaru
 66333 | Depths:3 | Reached XP level 23. HP: 161/161 MP: 34/46
 66336 | Depths:3 | Lost mutation: You evolve. [potion of cure mutation]
 66336 | Depths:3 | Lost mutation: You have a pair of small horns on your head. [potion of cure mutation]
 66374 | Depths:3 | Noticed an ancient lich
 66388 | Depths:3 | Noticed Mennas
 66896 | Depths:3 | Received a gift from Okawaru
 67883 | Slime:1  | Entered Level 1 of the Pits of Slime
 67906 | Slime:1  | Reached skill level 19 in Spellcasting
 68421 | Lair:1   | Learned a level 9 spell: Tornado
 68733 | Vaults:5 | Entered Level 5 of the Vaults
 68815 | Vaults:5 | Found Vyot's Food Shoppe.
 68988 | Vaults:5 | Received a gift from Okawaru
 69598 | Vaults:5 | Found Wubbyk's Food Shoppe.
 69659 | Vaults:5 | Found Senaph's Jewellery Shoppe.
 69660 | Vaults:5 | Noticed an ancient lich
 69709 | Vaults:5 | Reached skill level 10 in Translocations
 69714 | Vaults:5 | Killed an ancient lich
 69989 | Vaults:5 | Reached XP level 24. HP: 106/168 MP: 30/47
 70125 | Vaults:5 | Reached skill level 15 in Fighting
 70230 | Vaults:5 | Received a gift from Okawaru
 70324 | Vaults:5 | Found Ysitopse's Antique Armour Boutique.
 70661 | Vaults:5 | Paralysed by a sphinx for 5 turns
 70681 | Vaults:4 | Paralysed by a sphinx for 7 turns
 71021 | Vaults:5 | Reached skill level 20 in Spellcasting
 71177 | Vaults:5 | Got a silver rune of Zot
 71294 | Vaults:5 | Found Dafoijue's Assorted Antiques.
 71618 | Vaults:5 | Found Iwasa's Distillery.
 71623 | Vaults:5 | Bought a potion of brilliance for 40 gold pieces
 71623 | Vaults:5 | Bought a potion of curing for 30 gold pieces
 71623 | Vaults:5 | Bought a potion of curing for 30 gold pieces
 71623 | Vaults:5 | Bought a potion of curing for 30 gold pieces
 71623 | Vaults:5 | Bought a potion of curing for 30 gold pieces
 71623 | Vaults:5 | Bought a potion of cure mutation for 350 gold pieces
 71623 | Vaults:5 | Bought a potion of brilliance for 40 gold pieces
 71662 | Vaults:5 | Upgraded the game from 0.17-a0-1621-gfc7a675 to 0.17-a0-1632-g0af21bd
 72366 | Lair:1   | Learned a level 7 spell: Controlled Blink
 72451 | Lair:1   | Learned a level 7 spell: Controlled Blink
 73392 | Swamp:3  | Fell from the grace of Okawaru
 73392 | Swamp:3  | Became a worshipper of Zin the Law-Giver
 73392 | Swamp:3  | Acquired Zin's first power
 73392 | Swamp:3  | Acquired Zin's second power
 73881 | Depths:4 | Found a one-way gate to the infinite horrors of the Abyss.
 73941 | Depths:4 | Found a magical portal.
 73950 | WizLab   | Entered Wucad Mu's Monastery
 74108 | WizLab   | Learned a level 6 spell: Haste
 74422 | Depths:4 | Acquired Zin's third power
 74847 | Vaults:5 | Bought a meat ration for 70 gold pieces
 74847 | Vaults:5 | Bought a meat ration for 70 gold pieces
 74847 | Vaults:5 | Bought a meat ration for 70 gold pieces
 74847 | Vaults:5 | Bought a meat ration for 70 gold pieces
 75383 | Depths:4 | Killed an ancient lich
 75571 | Depths:4 | Voluntarily entered the Abyss.
 75927 | Abyss:1  | Found a runed door.
 76474 | Abyss:1  | Identified a +0 rod of shadows (11/11) (You found it on level 1 of the Abyss)
 77217 | Abyss:1  | Acquired Zin's fourth power
 77427 | Abyss:1  | Found a corrupted altar of Lugonu.
 77430 | Abyss:1  | Found a shadowy altar of Dithmenos.
 77621 | Abyss:1  | Noticed an ancient lich
 77628 | Abyss:1  | Killed an ancient lich
 77630 | Abyss:1  | Reached XP level 25. HP: 176/178 MP: 27/48
 77636 | Abyss:1  | Reached XP level 26. HP: 185/185 MP: 28/48
 79166 | Abyss:1  | Found a corrupted altar of Lugonu.
 79443 | Abyss:1  | Reached skill level 21 in Air Magic
 79585 | Abyss:1  | Got an ichor-stained triple sword
 79586 | Abyss:1  | Identified the +9 triple sword of Righteous Fury {venom, Str+2 Stlth+} (You acquired it on level 1 of the Abyss)
 79606 | Abyss:1  | Noticed an ancient lich
 79665 | Abyss:1  | Killed an ancient lich
 79799 | Depths:4 | Escaped the Abyss
 80769 | Slime:4  | HP: 5/187 [stone giant[the fury of Okawaru] (29)]
 80769 | Slime:4  | HP: 1/187 [stone giant[the fury of Okawaru] (4)]
 82205 | Vaults:2 | Bought a potion of resistance for 130 gold pieces
 82205 | Vaults:2 | Bought a potion of magic for 104 gold pieces
 82205 | Vaults:2 | Bought a potion of curing for 39 gold pieces
 82699 | Slime:5  | Gained mutation: You passively map a small area around you. [a shining eye]
 82709 | Slime:6  | Entered Level 6 of the Pits of Slime
 82810 | Slime:6  | Noticed jyrma's ghost (mighty MiBe)
 82833 | Slime:6  | Killed jyrma's ghost
 82930 | Slime:6  | Noticed the royal jelly
 82944 | Slime:6  | Killed the royal jelly
 83793 | Slime:6  | Noticed Dissolution
 83804 | Slime:6  | Killed Dissolution
 84060 | Slime:6  | Got a dazzling cloak
 84071 | Slime:6  | Identified the +2 cloak "Mashryko" {MR+ rCorr Int-4 Dex+5} (You found it on level 6 of the Pits of Slime)
 84151 | Slime:6  | Identified Hueppoy's Volume of Hurtful Flames
 84176 | Slime:6  | Got a slimy rune of Zot
 84792 | Temple   | Fell from the grace of Zin
 84792 | Temple   | Became a worshipper of the Shining One
 84792 | Temple   | Acquired the Shining One's first power
 84792 | Temple   | Acquired the Shining One's second power
 85195 | Crypt:1  | Entered Level 1 of the Crypt
 85293 | Crypt:1  | Acquired the Shining One's third power
 85553 | Crypt:1  | Acquired the Shining One's fourth power
 85783 | Crypt:1  | Reached XP level 27. HP: 192/197 MP: 34/49
 86248 | Crypt:2  | Reached skill level 15 in Translocations
 87118 | Crypt:3  | Entered Level 3 of the Crypt
 87230 | Crypt:3  | Reached skill level 22 in Air Magic
 87510 | Crypt:3  | Got a transparent golden ring
 87512 | Crypt:3  | Identified the ring "Kecoumm" {Ice *Corrode Dex+5} (You found it on level 3 of the Crypt)
 87736 | Crypt:3  | Identified the Compendium of Gliding Bewitchment
 88214 | Crypt:3  | Found a staircase to the Tomb.
 88221 | Crypt:3  | Noticed an ancient lich
 88234 | Crypt:3  | Killed an ancient lich
 88258 | Crypt:3  | Noticed an ancient lich
 88272 | Crypt:3  | Killed an ancient lich
 89518 | Depths:4 | Was forgiven by Okawaru
 90506 | Depths:4 | Reached skill level 15 in Armour
 91157 | Depths:5 | Entered Level 5 of the Depths
 91755 | Depths:5 | Reached skill level 23 in Air Magic
 91827 | Depths:5 | Found a gate to the Realm of Zot.
 92273 | Depths:5 | Found a corrupted altar of Lugonu.
 92290 | Depths:5 | Learned a level 2 spell: Cure Poison
 92431 | Hell     | Entered the Vestibule of Hell
 92431 | Hell     | Noticed Geryon
 92457 | Hell     | Killed Geryon
 92594 | Hell     | Found a gateway to the decaying netherworld of Tartarus.
 92734 | Hell     | Found a gateway to the freezing wastes of Cocytus.
 92883 | Hell     | Found a gateway to the Iron City of Dis.
 92967 | Hell     | Found a gateway to the ashen valley of Gehenna.
 93149 | Zot:1    | Entered Level 1 of the Realm of Zot
 94948 | Zot:2    | Reached skill level 24 in Air Magic
 95542 | Zot:3    | Noticed an orb of fire
 95565 | Zot:2    | Killed an orb of fire
 97012 | Temple   | Fell from the grace of the Shining One
 97012 | Temple   | Became a worshipper of Zin the Law-Giver
 97251 | Lair:1   | Learned a level 2 spell: Blink
 97432 | D:6      | Bought the ring of Kezxuckiloc {SustAt rN+ MR+} for 343 gold pieces
 97834 | Depths:4 | Voluntarily entered the Abyss.
 98150 | Abyss:2  | Got a transparent scale mail
 98151 | Abyss:2  | Identified the +3 scale mail of the Cuttlefish {*Corrode rPois Int+5 Stlth+} (You found it on level 2 of the Abyss)
 98364 | Abyss:2  | Found a corrupted altar of Lugonu.
 98406 | Abyss:2  | Found a corrupted altar of Lugonu.
 98421 | Abyss:2  | Reached skill level 25 in Air Magic
 98883 | Depths:4 | Escaped the Abyss
 99136 | Vaults:5 | Bought a meat ration for 65 gold pieces
 99136 | Vaults:5 | Bought a meat ration for 65 gold pieces
 99136 | Vaults:5 | Bought a meat ration for 65 gold pieces
 99136 | Vaults:5 | Bought a meat ration for 65 gold pieces
 99136 | Vaults:5 | Bought a royal jelly for 26 gold pieces
 99150 | Vaults:5 | Bought a potion of haste for 100 gold pieces
 99168 | Vaults:5 | Bought a slice of pizza for 21 gold pieces
 99168 | Vaults:5 | Bought a bread ration for 70 gold pieces
 99168 | Vaults:5 | Bought a beef jerky for 21 gold pieces
 99168 | Vaults:5 | Bought a beef jerky for 21 gold pieces
 99168 | Vaults:5 | Bought a meat ration for 70 gold pieces
 99418 | Depths:2 | Killed Mennas
 99492 | Depths:4 | Voluntarily entered the Abyss.
 99498 | Abyss:1  | Noticed an ancient lich
 99509 | Abyss:1  | Killed an ancient lich
 99537 | Abyss:1  | Reached skill level 26 in Air Magic
100141 | Abyss:3  | Got an abyssal rune of Zot
100151 | Abyss:3  | Found a corrupted altar of Lugonu.
100185 | Abyss:3  | Paralysed by accursed screaming for 1 turns
100403 | Abyss:3  | Reached skill level 27 in Air Magic
100676 | Abyss:3  | Reached skill level 1 in Poison Magic
100750 | Abyss:3  | Found a corrupted altar of Lugonu.
100757 | Depths:4 | Escaped the Abyss
101190 | Swamp:4  | Killed Roxanne
103699 | Dis:1    | Entered Level 1 of the Iron City of Dis
104100 | Hell     | Reached skill level 15 in Invocations
105420 | Dis:7    | Entered Level 7 of the Iron City of Dis
107213 | Dis:7    | Reached skill level 5 in Poison Magic
107361 | Dis:7    | Noticed Dispater
107401 | Dis:7    | Killed Dispater
107915 | Dis:7    | Got an iron rune of Zot
108394 | Hell     | Upgraded the game from 0.17-a0-1632-g0af21bd to 0.17-a0-1634-g6672d08
108556 | Depths:4 | Voluntarily entered the Abyss.
108560 | Abyss:1  | Found a corrupted altar of Lugonu.
108562 | Abyss:1  | Found a corrupted altar of Lugonu.
108770 | Abyss:1  | Noticed an ancient lich
108785 | Abyss:1  | Killed an ancient lich
109138 | Abyss:1  | Found a corrupted altar of Lugonu.
109312 | Depths:4 | Escaped the Abyss
109391 | Depths:2 | Learned a level 8 spell: Chain Lightning
109505 | Depths:4 | Voluntarily entered the Abyss.
109505 | Abyss:1  | Found a corrupted altar of Lugonu.
109865 | Abyss:1  | Reached skill level 1 in Conjurations
109897 | Abyss:1  | Reached skill level 10 in Hexes
109994 | Depths:4 | Escaped the Abyss
110142 | Depths:4 | Voluntarily entered the Abyss.
110146 | Abyss:1  | Found a corrupted altar of Lugonu.
110266 | Abyss:1  | Found a corrupted altar of Lugonu.
110709 | Abyss:3  | Identified A Thorough Guide to Witchcraft
110818 | Depths:4 | Escaped the Abyss
111271 | Temple   | Fell from the grace of Zin
111271 | Temple   | Became a worshipper of the Shining One
112035 | Depths:4 | Voluntarily entered the Abyss.
112089 | Abyss:1  | Got a crude chain mail
112187 | Depths:4 | Escaped the Abyss
112339 | Tar:1    | Entered Level 1 of Tartarus
113690 | Temple   | Identified a +8 triple sword of holy wrath (a +6 triple sword of electrocution blessed by the Shining One)
113696 | Temple   | Fell from the grace of the Shining One
113696 | Temple   | Became a worshipper of Zin the Law-Giver
114063 | Depths:4 | Voluntarily entered the Abyss.
114161 | Abyss:1  | Gained mutation: You occasionally shout uncontrollably at your foes. [a neqoxec]
114295 | Abyss:1  | Found a corrupted altar of Lugonu.
114303 | Abyss:1  | Found a corrupted altar of Lugonu.
114350 | Abyss:1  | Found a sparkling altar of Nemelex Xobeh.
114936 | Abyss:1  | Found a corrupted altar of Lugonu.
115066 | Depths:4 | Escaped the Abyss
115094 | Depths:4 | Voluntarily entered the Abyss.
115592 | Depths:4 | Escaped the Abyss
115868 | Depths:4 | Voluntarily entered the Abyss.
116197 | Abyss:1  | Reached skill level 5 in Conjurations
116224 | Depths:4 | Escaped the Abyss
116449 | Lair:1   | Identified the +6 chain mail of Sagext {-Tele rC+ Int+3 Slay+2} (You found it on level 1 of the Abyss)
116454 | Lair:1   | Lost mutation: You occasionally shout uncontrollably at your foes. [potion of cure mutation]
116454 | Lair:1   | Lost mutation: You passively map a small area around you. [potion of cure mutation]
117038 | Pan      | Entered Pandemonium
117052 | Pan      | Noticed Geomchi's ghost (legendary MfTm)
117061 | Pan      | Noticed Atuzaam the pandemonium lord
117068 | Pan      | Killed Atuzaam the pandemonium lord
117080 | Pan      | Killed Geomchi's ghost
117131 | Pan      | Got a scorched shield
117132 | Pan      | Identified the +4 shield "Viutuot" {rElec Str-4 Dex+2 Slay+3} (You found it in Pandemonium)
117501 | Pan      | Found an exit through the horrors of the Abyss.
118202 | Pan      | Got a translucent ring mail
118204 | Pan      | Identified the +6 ring mail of Guury {*Confuse rElec Dex+4 Slay+2} (You took it off a gelid demonspawn in Pandemonium)
118223 | Pan      | Found an exit through the horrors of the Abyss.
118283 | Pan      | Noticed Vaigaa Doera the pandemonium lord
118299 | Pan      | Killed Vaigaa Doera the pandemonium lord
118329 | Pan      | Got a fabulously ornate robe
118335 | Pan      | Identified the cursed +1 robe of the Suburbs {Str+4 Int-4 SInv} (You found it in Pandemonium)
118401 | Pan      | Got a coiled ivory ring
118403 | Pan      | Identified the ring "Akkoyner" {Ice Str+3 Slay+6} (You found it in Pandemonium)
118577 | Pan      | Found an exit through the horrors of the Abyss.
119905 | Pan      | Noticed Ehiofen the pandemonium lord
119918 | Pan      | Killed Ehiofen the pandemonium lord
120023 | Pan      | Took an exit into the Abyss.
120023 | Abyss:1  | Escaped into the Abyss
120026 | Depths:2 | Escaped the Abyss
120033 | Pan      | Entered Pandemonium
120217 | Pan      | Noticed Miucw the pandemonium lord
120227 | Pan      | Killed Miucw the pandemonium lord
120227 | Pan      | Reached skill level 15 in Stealth
120311 | Pan      | Found an exit through the horrors of the Abyss.
120894 | Pan      | Found an exit through the horrors of the Abyss.
120934 | Pan      | Reached skill level 15 in Charms
120942 | Pan      | Noticed Rypufurch the pandemonium lord
120952 | Pan      | Killed Rypufurch the pandemonium lord
120962 | Pan      | Got a demonic rune of Zot
121413 | Pan      | Noticed Peris the pandemonium lord
121425 | Pan      | Killed Peris the pandemonium lord
121488 | Pan      | Got a twisted ring mail
121715 | Pan      | Found an exit through the horrors of the Abyss.
121873 | Pan      | Learned a level 5 spell: Aura of Abjuration
122043 | Pan      | Took an exit into the Abyss.
122043 | Abyss:1  | Escaped into the Abyss
122061 | Depths:2 | Escaped the Abyss
122074 | Depths:2 | Identified the cursed +0 ring mail of the Armoured One {rF++ MP+9 Str+2} (You found it in Pandemonium)
122090 | Pan      | Entered Pandemonium
122190 | Pan      | Found an exit through the horrors of the Abyss.
122226 | Pan      | Noticed Hetehep the pandemonium lord
122237 | Pan      | Killed Hetehep the pandemonium lord
122621 | Pan      | Found a gateway to a ziggurat.
122912 | Pan      | Found an exit through the horrors of the Abyss.
123044 | Pan      | Noticed Ovengaps the pandemonium lord
123056 | Pan      | Killed Ovengaps the pandemonium lord
123340 | Pan      | Got a twitching diamond amulet
123342 | Pan      | Identified the amulet of Activism {rN+ Regen+ SInv} (You found it in Pandemonium)
123838 | Pan      | Found an exit through the horrors of the Abyss.
124376 | Pan      | Found a runed door.
124777 | Pan      | Reached skill level 10 in Conjurations
125188 | Pan      | Got a shimmering ring mail
125199 | Pan      | Identified the +1 ring mail "Cethru" {+Fly rN+ MR+ Int+3} (You found it in Pandemonium)
125748 | Pan      | Noticed Mipemuad the pandemonium lord
125773 | Pan      | Killed Mipemuad the pandemonium lord
126088 | Pan      | Took an exit into the Abyss.
126088 | Abyss:1  | Escaped into the Abyss
126112 | Depths:2 | Escaped the Abyss
126122 | Pan      | Entered Pandemonium
126338 | Pan      | Found an exit through the horrors of the Abyss.
127042 | Pan      | Noticed Feodwaus the pandemonium lord
127045 | Pan      | Killed Feodwaus the pandemonium lord
127225 | Pan      | Took an exit into the Abyss.
127225 | Abyss:1  | Escaped into the Abyss
127231 | Depths:2 | Escaped the Abyss
127238 | Pan      | Entered Pandemonium
127500 | Pan      | Found an exit through the horrors of the Abyss.
127500 | Pan      | Noticed Serch the pandemonium lord
127509 | Pan      | Killed Serch the pandemonium lord
127977 | Pan      | Noticed Xeosu the pandemonium lord
127993 | Pan      | Killed Xeosu the pandemonium lord
128204 | Pan      | Found an exit through the horrors of the Abyss.
128623 | Pan      | Identified a +0 rod of ignition (12/12) (You found it in Pandemonium)
128918 | Pan      | Noticed Inuvy the pandemonium lord
128936 | Pan      | Killed Inuvy the pandemonium lord
129690 | Pan      | Found an exit through the horrors of the Abyss.
130143 | Pan      | Took an exit into the Abyss.
130143 | Abyss:1  | Escaped into the Abyss
130176 | Abyss:1  | Found a shadowy altar of Dithmenos.
130289 | Depths:2 | Escaped the Abyss
130298 | Pan      | Entered Pandemonium
130601 | Pan      | Noticed Xuich the pandemonium lord
130615 | Pan      | Killed Xuich the pandemonium lord
130651 | Pan      | Found an exit through the horrors of the Abyss.
131602 | Pan      | Found an exit through the horrors of the Abyss.
131926 | Pan      | Noticed Deah the pandemonium lord
131938 | Pan      | Killed Deah the pandemonium lord
132094 | Pan      | Entered the realm of Mnoleg.
132176 | Pan      | Found an exit through the horrors of the Abyss.
132357 | Pan      | Paralysed by a giant eyeball for 3 turns
132364 | Pan      | Paralysed by a giant eyeball for 4 turns
133120 | Pan      | Noticed Mnoleg
133141 | Pan      | Killed Mnoleg
133166 | Pan      | Got a glowing rune of Zot
133478 | Pan      | Noticed Meleluku the pandemonium lord
133488 | Pan      | Killed Meleluku the pandemonium lord
133488 | Pan      | Reached skill level 10 in Evocations
133521 | Pan      | Found an exit through the horrors of the Abyss.
133790 | Pan      | Identified the Compendium of Conjuration (You found it in Pandemonium)
134223 | Pan      | Got a shimmering robe
134331 | Pan      | Identified the cursed +0 robe "Wafof" {rElec} (You found it in Pandemonium)
134464 | Pan      | Noticed Cajenuz the pandemonium lord
134659 | Pan      | Killed Cajenuz the pandemonium lord
134919 | Pan      | Found an exit through the horrors of the Abyss.
135263 | Pan      | Found an exit through the horrors of the Abyss.
135288 | Pan      | Noticed Wal Voun the pandemonium lord
135289 | Pan      | Killed Wal Voun the pandemonium lord
136045 | Pan      | Took an exit into the Abyss.
136045 | Abyss:1  | Escaped into the Abyss
136183 | Depths:2 | Escaped the Abyss
136537 | Pan      | Entered Pandemonium
136582 | Pan      | Noticed Exusk the pandemonium lord
136617 | Pan      | Killed Exusk the pandemonium lord
136781 | Pan      | Found an exit through the horrors of the Abyss.
136788 | Pan      | Reached skill level 27 in Spellcasting
137271 | Pan      | Took an exit into the Abyss.
137271 | Abyss:1  | Escaped into the Abyss
137271 | Abyss:1  | Found a corrupted altar of Lugonu.
137313 | Depths:2 | Escaped the Abyss
137320 | Pan      | Entered Pandemonium
137320 | Pan      | Found an exit through the horrors of the Abyss.
137443 | Pan      | Noticed Uppiedara the pandemonium lord
137448 | Pan      | Killed Uppiedara the pandemonium lord
138120 | Pan      | Got a twisted cloak
138157 | Pan      | Noticed Meyrokur the pandemonium lord
138202 | Pan      | Killed Meyrokur the pandemonium lord
138422 | Pan      | Found an exit through the horrors of the Abyss.
138787 | Pan      | Identified the -3 cloak of Dawn {Str+5 Int+2} (You found it in Pandemonium)
138802 | Pan      | Took an exit into the Abyss.
138802 | Abyss:1  | Escaped into the Abyss
138996 | Depths:2 | Escaped the Abyss
139003 | Pan      | Entered the realm of Cerebov.
139003 | Pan      | Entered Pandemonium
139084 | Pan      | Found an exit through the horrors of the Abyss.
140023 | Pan      | Noticed Cerebov
140241 | Pan      | Killed Cerebov
140327 | Pan      | Got a twisted scimitar
140328 | Pan      | Identified the +4 scimitar of Sloth {holy, *Drain +Fly rPois} (You found it in Pandemonium)
140430 | Pan      | Got a twitching marble ring
140432 | Pan      | Identified the ring "Agroemis" {+Inv rC+ MP-9 Str+3 Int+10} (You found it in Pandemonium)
140449 | Pan      | Got a distressingly furry leather armour
140460 | Pan      | Identified the +3 leather armour of Mezcal {+Inv Int+2 Stlth+} (You found it in Pandemonium)
140574 | Pan      | Got a fiery rune of Zot
140732 | Pan      | Took an exit into the Abyss.
140732 | Abyss:1  | Escaped into the Abyss
140756 | Abyss:1  | Found a corrupted altar of Lugonu.
140796 | Abyss:1  | Found a sacrificial altar of Ru.
140813 | Abyss:1  | Found a corrupted altar of Lugonu.
141220 | Depths:2 | Escaped the Abyss
142282 | Pan      | Entered Pandemonium
142395 | Pan      | Found an exit through the horrors of the Abyss.
142457 | Pan      | Noticed Gelliosm the pandemonium lord
142473 | Pan      | Killed Gelliosm the pandemonium lord
142972 | Pan      | Found a gateway to a ziggurat.
143367 | Pan      | Took an exit into the Abyss.
143367 | Abyss:1  | Escaped into the Abyss
143385 | Abyss:1  | Found a corrupted altar of Lugonu.
143399 | Depths:2 | Escaped the Abyss
144530 | Pan      | Entered Pandemonium
144622 | Pan      | Noticed Minwyvu the pandemonium lord
144709 | Pan      | Killed Minwyvu the pandemonium lord
144801 | Pan      | Found a gateway to a ziggurat.
144806 | Pan      | Found an exit through the horrors of the Abyss.
145038 | Pan      | Got a bloodstained helmet
145049 | Pan      | Identified the +1 helmet of the Komtur {-Cast +Fly Str-2 Int+2} (You found it in Pandemonium)
145347 | Pan      | Took an exit into the Abyss.
145347 | Abyss:1  | Escaped into the Abyss
145349 | Abyss:1  | Found a corrupted altar of Lugonu.
145381 | Depths:2 | Escaped the Abyss
145559 | Coc:1    | Entered Level 1 of Cocytus
146060 | Coc:7    | Entered Level 7 of Cocytus
146775 | Coc:7    | Got a shimmering plate armour
147021 | Coc:7    | Noticed Antaeus
147047 | Coc:7    | Killed Antaeus
147050 | Coc:7    | Got an icy rune of Zot
147057 | Coc:7    | Got a pitted ruby amulet
147070 | Coc:7    | Identified the amulet of Waopor {Clar rC+ Slay+4} (You found it on level 7 of Cocytus)
147581 | Hell     | Upgraded the game from 0.17-a0-1634-g6672d08 to 0.17-a0-1635-gd4e48f1
147592 | Hell     | Identified the +6 plate armour of the Gloaming {rN+ MR+} (You took it off a skeletal warrior on level 7 of Cocytus)
147689 | Pan      | Entered Pandemonium
147772 | Pan      | Found an exit through the horrors of the Abyss.
147791 | Pan      | Noticed Qukk the pandemonium lord
147807 | Pan      | Killed Qukk the pandemonium lord
149421 | Pan      | Noticed a seraph
150284 | Pan      | Reached skill level 27 in Long Blades
150307 | Pan      | Found a glowing silver altar of Zin.
150496 | Pan      | Reached skill level 27 in Fighting
150992 | Pan      | Found a glowing golden altar of the Shining One.
150997 | Pan      | Killed a seraph
151048 | Pan      | Got a pitted triple sword
151051 | Pan      | Identified the +12 triple sword of Mimnin {venom, +Fly Str+4 Dex+4} (You found it in Pandemonium)
151429 | Pan      | Reached skill level 27 in Dodging
151666 | Pan      | Found a white marble altar of Elyvilon.
152081 | Pan      | Found an exit through the horrors of the Abyss.
152966 | Pan      | Took an exit into the Abyss.
152966 | Abyss:1  | Escaped into the Abyss
152978 | Depths:2 | Escaped the Abyss
153593 | Lair:1   | Learned a level 3 spell: Tukima's Dance
153787 | Pan      | Entered Pandemonium
153788 | Pan      | Found a huge runed gate.
153980 | Pan      | Noticed Kugi the pandemonium lord
153996 | Pan      | Killed Kugi the pandemonium lord
154064 | Pan      | Found an exit through the horrors of the Abyss.
154582 | Pan      | Noticed Vuddawups the pandemonium lord
154596 | Pan      | Killed Vuddawups the pandemonium lord
155167 | Pan      | Got a transparent diamond amulet
155190 | Pan      | Got a transparent scale mail
155313 | Pan      | Found an exit through the horrors of the Abyss.
155496 | Pan      | Took an exit into the Abyss.
155496 | Abyss:1  | Escaped into the Abyss
156150 | Depths:2 | Escaped the Abyss
156157 | Depths:2 | Identified the amulet "Tufisygg" {Clar rElec MR+ Str+4} (You took it off an infernal demonspawn in Pandemonium)
156238 | Hell     | Identified the cursed +0 scale mail "Daogazy" {rF+} (You found it in Pandemonium)
156353 | Pan      | Entered the realm of Lom Lobon.
156353 | Pan      | Entered Pandemonium
156382 | Pan      | Got a crude leather armour
156503 | Pan      | Identified the Papyrus of Freezing Talismans (You found it in Pandemonium)
156708 | Pan      | Found an exit through the horrors of the Abyss.
157427 | Pan      | Noticed Lom Lobon
157788 | Pan      | Killed Lom Lobon
157827 | Pan      | Got a magical rune of Zot
158139 | Pan      | Got a crude long sword
158140 | Pan      | Identified the +8 long sword of the Blessed Realm {freeze, rF+ rC+ rN+ Stlth+} (You found it in Pandemonium)
158152 | Pan      | Identified the +2 leather armour of the Ladybird {rCorr Int+4 Dex+4 Slay-4} (You found it in Pandemonium)
158174 | Pan      | Took an exit into the Abyss.
158174 | Abyss:1  | Escaped into the Abyss
158174 | Abyss:1  | Found a corrupted altar of Lugonu.
158194 | Abyss:1  | Found a snail-covered altar of Cheibriados.
158335 | Depths:2 | Escaped the Abyss
158344 | Pan      | Entered Pandemonium
158344 | Pan      | Noticed Migyir the pandemonium lord
158352 | Pan      | Killed Migyir the pandemonium lord
158815 | Pan      | Found an exit through the horrors of the Abyss.
159522 | Pan      | Reached skill level 27 in Armour
159758 | Pan      | Took an exit into the Abyss.
159758 | Abyss:1  | Escaped into the Abyss
159760 | Abyss:1  | Found a corrupted altar of Lugonu.
159967 | Abyss:1  | Paralysed by accursed screaming for 1 turns
160184 | Depths:2 | Escaped the Abyss
160462 | Pan      | Entered Pandemonium
160496 | Pan      | Found an exit through the horrors of the Abyss.
160547 | Pan      | Noticed Zacwaoroe the pandemonium lord
160573 | Pan      | Killed Zacwaoroe the pandemonium lord
161539 | Pan      | Found an exit through the horrors of the Abyss.
161556 | Pan      | Noticed Paasaag the pandemonium lord
161573 | Pan      | Killed Paasaag the pandemonium lord
161811 | Pan      | Got an encrusted leather armour
162047 | Pan      | Took an exit into the Abyss.
162047 | Abyss:1  | Escaped into the Abyss
162047 | Abyss:1  | Found a corrupted altar of Lugonu.
162091 | Depths:2 | Escaped the Abyss
162102 | Depths:2 | Identified the cursed +0 leather armour "Fomm" {rN++ Dex-4 Slay+3} (You found it in Pandemonium)
162130 | Pan      | Entered the realm of Gloorx Vloq.
162130 | Pan      | Entered Pandemonium
162263 | Pan      | Found an exit through the horrors of the Abyss.
162753 | Pan      | Noticed Gloorx Vloq
162783 | Pan      | Killed Gloorx Vloq
162840 | Pan      | Got a dark rune of Zot
162966 | Pan      | Took an exit into the Abyss.
162966 | Abyss:1  | Escaped into the Abyss
162966 | Abyss:1  | Found a corrupted altar of Lugonu.
163209 | Abyss:1  | Noticed an ancient lich
163233 | Abyss:1  | Killed an ancient lich
163686 | Abyss:1  | Found a corrupted altar of Lugonu.
163945 | Depths:2 | Escaped the Abyss
164097 | Depths:2 | Reached skill level 15 in Conjurations
164866 | Tar:7    | Entered Level 7 of Tartarus
165095 | Tar:7    | Got an ancient copper ring
165099 | Tar:7    | Identified the ring "Kebrutaz" {rF++ MR+ Str-4} (You found it on level 7 of Tartarus)
165236 | Tar:7    | Noticed the Serpent of Hell
165273 | Tar:7    | Killed the Serpent of Hell
165328 | Tar:7    | Identified a +4 rod of the swarm (9/9) (You found it on level 7 of Tartarus)
165909 | Tar:7    | Noticed Ereshkigal
165926 | Tar:7    | Killed Ereshkigal
165961 | Tar:7    | Identified the Incunabulum of Creative Dark Magic
165971 | Tar:7    | Got a bone rune of Zot
165973 | Tar:7    | Identified the Handbook of Execration and Damage Dealing
165990 | Tar:7    | Learned a level 6 spell: Mass Confusion
166355 | Geh:1    | Entered Level 1 of Gehenna
166372 | Geh:1    | Reached skill level 15 in Hexes
166800 | Geh:6    | Zin protects you from harm!
166800 | Geh:6    | HP: 11/224 [??? (4)]
167026 | Geh:7    | Entered Level 7 of Gehenna
167057 | Geh:7    | Reached skill level 15 in Evocations
168408 | Geh:7    | Identified the Guide on Transmigration
168441 | Geh:7    | Got a heavily runed amber ring
168442 | Geh:7    | Identified the ring of Cumybo {+Blink rElec Slay+2 Stlth-} (You found it on level 7 of Gehenna)
168537 | Geh:7    | Noticed Asmodeus
168623 | Geh:7    | Killed Asmodeus
168637 | Geh:7    | Identified the Handbook of Boosting Poisoning
168639 | Geh:7    | Got an obsidian rune of Zot
169204 | Tomb:1   | Entered Level 1 of the Tomb of the Ancients
169306 | Tomb:1   | wingboner: La-la-la-la-la.
169939 | Tomb:1   | Noticed Jorgrun
169953 | Tomb:1   | Killed Jorgrun
171745 | Tomb:3   | Entered Level 3 of the Tomb of the Ancients
173053 | Tomb:2   | Upgraded the game from 0.17-a0-1635-gd4e48f1 to 0.17-a0-1636-g3119f2b
174156 | Tomb:3   | Got a golden rune of Zot
174359 | Tomb:3   | Got a shimmering marble ring
174361 | Tomb:3   | Identified the ring of the Omega Point {rElec rPois rF- Stlth-} (You found it on level 3 of the Tomb of the Ancients)
174501 | Tomb:3   | Identified the Papyrus of Cankerous Damage Dealing
175418 | Depths:4 | Voluntarily entered the Abyss.
176323 | Abyss:1  | Paralysed by accursed screaming for 1 turns
176552 | Depths:4 | Escaped the Abyss
176598 | Zig:1    | Entered Level 1 of a ziggurat
176639 | Zig:2    | Entered Level 2 of a ziggurat
176677 | Zig:3    | Entered Level 3 of a ziggurat
176702 | Zig:4    | Entered Level 4 of a ziggurat
176725 | Zig:4    | Got a faintly humming robe
176735 | Zig:4    | Identified the cursed +0 robe of Existentialism {Int+3} (You found it on level 4 of a ziggurat)
176882 | Zig:5    | Entered Level 5 of a ziggurat
177089 | Zig:6    | Entered Level 6 of a ziggurat
177092 | Zig:6    | Noticed an orb of fire
177092 | Zig:6    | Noticed an orb of fire
177107 | Zig:6    | Killed an orb of fire
177109 | Zig:6    | Killed an orb of fire
177122 | Zig:6    | Got a brightly glowing chain mail
177123 | Zig:6    | Identified the +4 chain mail "Quloilept" {MR- Str+6 SInv} (You found it on level 6 of a ziggurat)
177138 | Zig:7    | Entered Level 7 of a ziggurat
177285 | Zig:8    | Entered Level 8 of a ziggurat
177290 | Zig:8    | Noticed Cohodajei the pandemonium lord
177322 | Zig:8    | Killed Cohodajei the pandemonium lord
177419 | Zig:9    | Entered Level 9 of a ziggurat
177478 | Zig:9    | Identified the Tome of Ensnaring Conjuration
177480 | Zig:9    | Got a smoking crystal plate armour
177481 | Zig:9    | Identified the +11 crystal plate armour of Repulsion {*Corrode +Blink Str+3} (You found it on level 9 of a ziggurat)
177484 | Zig:9    | Got a translucent lapis lazuli ring
177486 | Zig:9    | Identified the ring of Jemow {SustAt rC+ rN+ Str-4} (You found it on level 9 of a ziggurat)
177499 | Zig:10   | Entered Level 10 of a ziggurat
177561 | Zig:10   | Got a coiled marble ring
177563 | Zig:10   | Identified the ring "Ycoap" {rC+ rN+} (You found it on level 10 of a ziggurat)
177819 | Zig:11   | Entered Level 11 of a ziggurat
178047 | Zig:12   | Entered Level 12 of a ziggurat
178056 | Zig:12   | Noticed Ufor the pandemonium lord
178067 | Zig:12   | Killed Ufor the pandemonium lord
178094 | Zig:12   | Got a sparkling granite ring
178096 | Zig:12   | Identified the cursed ring "Pyis" {rPois Dex-3} (You found it on level 12 of a ziggurat)
178109 | Zig:12   | Got a scorched wooden ring
178111 | Zig:12   | Identified the ring of Ygor {rPois rN++} (You found it on level 12 of a ziggurat)
178210 | Zig:13   | Entered Level 13 of a ziggurat
178318 | Zig:13   | Got a crystal blowgun
178319 | Zig:13   | Identified the cursed +1 blowgun of Certain Death {speed, MP+9} (You found it on level 13 of a ziggurat)
178325 | Zig:13   | Got a transparent marble ring
178326 | Zig:13   | Identified the ring of Aphoesh {SustAt *Corrode rF+ rC+ MR+} (You found it on level 13 of a ziggurat)
178555 | Zig:14   | Entered Level 14 of a ziggurat
178626 | Zig:14   | Got a fine cloak
178627 | Zig:14   | Identified the +1 cloak of Eternal Vigilance {*Drain rElec Stlth+} (You found it on level 14 of a ziggurat)
178637 | Zig:14   | Identified the Volume of Shifting Unholy Rituals
178646 | Zig:14   | Got an ancient ivory ring
178648 | Zig:14   | Identified the ring "Gaqyenaa" {Ice rPois} (You found it on level 14 of a ziggurat)
178834 | Zig:15   | Entered Level 15 of a ziggurat
178929 | Zig:15   | Identified The Papyrus of Greatest Risks and Utility
178943 | Zig:15   | Got a translucent silver ring
178945 | Zig:15   | Identified the ring "Hyalerphu" {rN+ MR+ Int+3} (You found it on level 15 of a ziggurat)
178948 | Zig:15   | Identified Iskenderun's Reference Book on Attacks
178996 | Zig:16   | Entered Level 16 of a ziggurat
179060 | Zig:16   | Got a twitching marble ring
179062 | Zig:16   | Identified the ring of the Failed Coup {rN+ MP+9 Str-2 Int+4} (You found it on level 16 of a ziggurat)
179208 | Zig:17   | Entered Level 17 of a ziggurat
179259 | Zig:17   | Got a crystal long sword
179262 | Zig:17   | Identified the Reference Book on Enhancements and Toxins
179279 | Zig:17   | Got a steaming golden ring
179280 | Zig:17   | Identified the ring of the Devil {rN++ MR+ EV+4 Stlth+} (You found it on level 17 of a ziggurat)
179733 | Zot:5    | Entered Level 5 of the Realm of Zot
180328 | Zot:5    | Noticed an ancient lich
180332 | Zot:5    | Killed an ancient lich
180356 | Zot:5    | Noticed an ancient lich
180364 | Zot:5    | Killed an ancient lich
180374 | Zot:5    | Noticed an ancient lich
180377 | Zot:5    | Noticed an orb of fire
180414 | Zot:5    | Killed an ancient lich
180523 | Zot:5    | Noticed an orb of fire
180526 | Zot:5    | Noticed an ancient lich
180535 | Zot:5    | Killed an orb of fire
180535 | Zot:5    | Reached skill level 27 in Invocations
180536 | Zot:5    | Killed an ancient lich
180554 | Zot:5    | Noticed an ancient lich
180555 | Zot:5    | Noticed an ancient lich
180570 | Zot:5    | Killed an ancient lich
180571 | Zot:5    | Killed an ancient lich
180701 | Zot:5    | Killed an orb of fire
180902 | Zot:5    | Got the Orb of Zot
181095 | Depths:5 | Noticed Yfrits the pandemonium lord
181099 | Depths:5 | Killed Yfrits the pandemonium lord
181220 | Depths:4 | Noticed Eruugut the pandemonium lord
181227 | Depths:4 | Killed Eruugut the pandemonium lord
181336 | D:15     | Noticed Dyssaid the pandemonium lord
181342 | D:15     | Reached skill level 27 in Stealth
181348 | D:15     | Killed Dyssaid the pandemonium lord
181862 | D:$      | Escaped with the Orb!

Vault maps used:
D:1:      erik_arrival_blinker_ship, kennysheep_minor_cross,
          minmay_large_rounded_square
D:2:      grunt_decor_mini_mirrors
D:3:      first_bread, st_stairs_1, nemelex_xobeh_ov_fountains_minmay
D:4:      minmay_goblin_kobold_castle, temple_hall_moat, portal_sewer_entry_a,
          enter_ossuary_2
D:5:      serial_shops, shop, uniq_blork_the_orc
D:6:      nicolae_overflow_hidden_temple, serial_shops, shop,
          kennysheep_small_spiral, minivault_23, uniq_edmund
D:7:      gammafunk_temple_overflow_claw, uniq_pikel
D:9:      nrook_guardian_serpent_snake_passage, david_lair_shrubbed,
          uniq_maurice
D:10:     uniq_fannar, uniq_harold
D:11:     lemuel_flame_loot_2, orc_0_dummy
D:13:     hangedman_stone_soup, uniq_erolcha
D:14:     erik_vaults_2, lab_entry_generic, kennysheep_nondescript,
          special_room, nicolae_gozag_cash_rules_everything_around_me,
          uniq_azrael
D:15:     grunt_enter_depths_snipers
Temple:   circular_temple_13
Lair:1:   erik_1
Lair:2:   kennysheep_abandoned_house, portal_ice_cave_entry_ice_beasts,
          basic_altar
Lair:4:   nicolae_swamp_entry_splash_gauntlet, lemuel_fruit_tree, uniq_maud
Lair:5:   nicolae_spider_entry_non_spiders
Lair:6:   grunt_megastairs_4
Lair:8:   evil_forest, dpeg_slime_entry_enclosed_altar, serial_bayou_crossing,
          infiniplex_staircase_pool
Swamp:1:  hangedman_swamp_blocks, swamp_pool3
Swamp:2:  infiniplex_staircase_pool_2, roderic_carrion_pond
Swamp:3:  basic_altar
Swamp:4:  grunt_swamp_rune_castle, swamp_pool1, hangedman_swamp_diagram,
          water_boxes_lemuel, uniq_donald, uniq_roxanne, uniq_aizul
Spider:1: nicolae_spider_ant_collections
Spider:3: nicolae_spider_hall_of_the_moth_king, hive_lemuel,
          nicolae_spider_cling_halls
Spider:4: guppyfry_spider_rune
Slime:6:  uniq_dissolution
Orc:1:    basic_altar, mines3_lemuel, uniq_snorg
Orc:3:    basic_altar, nicolae_orc_pool_cavern
Orc:4:    grunt_orc_cross, serial_shops, shop, uniq_saint_roka
Elf:1:    eino_elf_arrival_the_gate, orc_legates, einodemon_barbed_minivault
Elf:3:    minmay_elf_hall_hex, uniq_nikola, uniq_asterion, uniq_wiglaf
Vaults:1: v_alt_pattern_6, hangedman_vaults_stream, nicolae_vaults_little_ls,
          v_misc_9, grunt_vaults_twisty, hangedman_vaults_corner_blocks,
          vaults_mumra_hex, hangedman_vaults_snaps
Vaults:2: nicolae_vaults_ninety_degrees, v_alt_pattern_1,
          nicolae_vaults_stairing_the_circle, vaults_dpeg_doors, st_squares,
          hangedman_vaults_river_flow, v_misc_26, nicolae_vaults_rhombus_5,
          v_misc_28, vaults_dpeg_diagonal, nicolae_vaults_yaktaur_gun_rack,
          vaults_mumra_chevron, basic_altar, serial_shops, nicolae_shop_stone
Vaults:3: hangedman_vaults_capsules, minmay_crypt_entry_simple_sparse,
          vaults_standard_mumra_x, v_alt_pattern_4,
          nicolae_vaults_mini_display_case, serial_shops, nicolae_shop_crystal
Vaults:4: v_misc_14, grunt_tower_of_power, nicolae_vaults_three_branches,
          v_misc_27, v_misc_33, vaults_room_fancy_cross, v_misc_30, v_misc_13,
          nicolae_vaults_sealed_display, vaults_dpeg_encased_lava, v_misc_11,
          ontoclasm_vaults_fault, nicolae_vaults_diagonal_hallway_8
Crypt:3:  quadcrypt_mu
Tomb:1:   uniq_jorgrun
Depths:1: hell_entry, serial_sigils_hangedman_gut, minmay_librarian
Depths:2: grunt_runaround, pan_entry, serial_shops, hell_entry, uniq_norris
Depths:3: kennysheep_scales, hellmouth_1, pan_entry, minmay_misc_feat_room,
          firewood_loft, infiniplex_staircase_pillars_1, serial_bayou_shore_b,
          serial_bayou_shore_b, uniq_mennas
Depths:4: minmay_central_circle, abyss_entry, mu_enter_wizlab_5,
          pf_vacation_house_of_asmodeus, kennysheep_two_boxes,
          infiniplex_staircase_zigzag_1
Depths:5: grunt_zot_entry_hairpin, hangedman_coc_ice_floe, tgw_lugonu_bribe
Dis:2:    grunt_megastairs_3
Dis:5:    lemuel_elevator
Dis:7:    iron_city_of_dis
Geh:1:    lemuel_flamethrower_3
Geh:6:    lemuel_hellion_isle
Geh:7:    geh_grunt
Coc:1:    serial_ice
Coc:7:    coc_mu
Tar:5:    grunt_deathspiral_small
Tar:7:    tar_minmay_river
Zot:1:    nicolae_zot_stationary_front
Zot:3:    grunt_megastairs_2
Zot:4:    st_stairs_5
Abyss:1:  evilmike_abyss_exit_disperse, evilmike_abyss_exit_vortex,
          hangedman_abyss_or_decor_lesser_grid,
          hangedman_abyss_or_decor_lesser_grid, hangedman_abyss_or_decor_stabs,
          evilmike_abyss_exit_vortex, evilmike_abyss_exit_17, minivault_4,
          evilmike_abyss_exit_2, evilmike_abyss_exit_3,
          evilmike_abyss_exit_mutagenic, minivault_11, minivault_25_ag,
          guppyfry_abyss_exit_imp_island, minivault_5, lemuel_flamethrower_3
Abyss:2:  evilmike_abyss_exit_9, hangedman_summoners_spam
Abyss:3:  evilmike_abyss_exit_glass
Pan:      rand_demon_1, nicolae_pan_mnolegish_5, evilmike_mini_pan_thingy,
          pan_blood_fountain_small, pan_blood_fountain, rand_demon_6,
          nicolae_pan_mnolegish_5, evilmike_mini_pan_possible_glass,
          grunt_pan_frozen_over, pan_blood_fountain, pan_blood_fountain_2,
          pan_blood_fountain_small, nicolae_pan_sigil_nadil,
          lemuel_hellion_island, pan_blood_fountain, nicolae_pan_double_arrow,
          pan_blood_fountain_2, enter_ziggurat_pan_a, reaverb_pan_squares,
          nicolae_pan_mnolegish_4, evilmike_mini_pan_doors, pan_blood_fountain,
          rand_demon_9, pan_blood_fountain_small, evilmike_mini_pan_branches,
          pan_blood_fountain_small, grunt_pan_zigzag,
          nicolae_pan_cerebovesque_4, rand_demon_1,
          evilmike_mini_pan_possible_glass, evilmike_mini_pan_corridor,
          nicolae_pan_gloorx_vloqian_4, grunt_pan_spiral, mnoleg,
          pan_captured_pigsty, evilmike_mini_pan_diamond, grunt_pan_in_and_out,
          nicolae_pan_cerebovesque_4, grunt_pan_zigzag, nicolae_pan_diamonds,
          grunt_pan_in_and_out, grunt_pan_spiral, pan_blood_fountain, cerebov,
          evilmike_mini_pan_corner, enter_ziggurat_pan_a, evilmike_mini_pan_3x3,
          enter_ziggurat_pan_a, pan_blood_fountain_2, rand_demon_3,
          nicolae_pan_sigil_nadil, nicolae_pan_strange_glyphs,
          evilmike_holy_pan, rand_demon_5, nicolae_pan_cerebovesque_2,
          nicolae_pan_sigil_obb, nicolae_pan_giant_door, grunt_pan_sceptre,
          lom_lobon_spiral_st, pan_blood_fountain, nicolae_pan_cerebovesque_4,
          evilmike_mini_pan_pillars_b, rand_demon_3, pan_blood_fountain,
          rand_demon_6, gloorx_vloq_st
Zig:9:    ziggurat_pillar_centre_dead_trees
Zig:10:   ziggurat_pillar_centre_smoke
Lab:      nicolae_lab_dead_adventurers, nicolae_lab_plus, nicolae_lab_hexagon,
          nicolae_lab_do_over, labyrinth_lava_lair
Ossuary:  ossuary_tomb_2
IceCv:    ice_cave_small_dragons
WizLab:   wizlab_wucad

Action                   |  1- 3 |  4- 6 |  7- 9 | 10-12 | 13-15 | 16-18 | 19-21 | 22-24 | 25-27 || total
-------------------------+-------+-------+-------+-------+-------+-------+-------+-------+-------++-------
Melee: Falchion          |   151 |   217 |   446 |       |       |       |       |       |       ||   814
       Long sword        |       |       |     9 |   573 |       |       |       |    57 |       ||   639
       Scimitar          |       |       |       |    53 |  1226 |  1452 |   590 |   526 |   650 ||  4497
       Triple sword      |       |       |       |       |       |       |    22 |    47 |  9830 ||  9899
       Great sword       |       |       |       |       |       |       |   713 |   659 |   575 ||  1947
       Staff             |       |       |       |       |       |       |       |       |     4 ||     4
 Fire: Blowgun           |       |       |       |       |       |       |     3 |       |       ||     3
 Cast: Infusion          |    17 |    21 |       |       |       |       |       |       |       ||    38
       Shroud of Golubri |    12 |    30 |    40 |    75 |   127 |   126 |       |       |       ||   410
       Spectral Weapon   |     2 |    29 |    53 |   105 |   186 |   201 |   202 |   168 |  1054 ||  2000
       Regeneration      |       |     7 |    13 |    34 |    29 |    38 |    71 |    48 |       ||   240
       Song of Slaying   |       |     5 |    17 |     5 |    30 |     8 |       |       |     6 ||    71
       Confuse           |       |       |    26 |    26 |    50 |    42 |     4 |       |    16 ||   164
       Confusing Touch   |       |       |     2 |       |       |       |       |       |       ||     2
       Tukima's Dance    |       |       |       |     2 |    35 |    12 |    21 |       |     7 ||    77
       Repel Missiles    |       |       |       |       |     1 |       |       |       |       ||     1
       Swiftness         |       |       |       |       |     3 |     9 |    11 |     6 |     7 ||    36
       Summon Lightning  |       |       |       |       |       |    30 |    94 |    79 |   109 ||   312
       Airstrike         |       |       |       |       |       |    29 |    51 |    33 |   262 ||   375
       Deflect Missiles  |       |       |       |       |       |     2 |     9 |     8 |    25 ||    44
       Blink             |       |       |       |       |       |       |     6 |     8 |     1 ||    15
       Summon Butterflie |       |       |       |       |       |       |     3 |       |     2 ||     5
       Inner Flame       |       |       |       |       |       |       |       |     1 |       ||     1
       Tornado           |       |       |       |       |       |       |       |     8 |   119 ||   127
       Apportation       |       |       |       |       |       |       |       |    10 |    32 ||    42
       Silence           |       |       |       |       |       |       |       |     1 |       ||     1
       Controlled Blink  |       |       |       |       |       |       |       |    12 |   163 ||   175
       Haste             |       |       |       |       |       |       |       |     1 |    96 ||    97
       Chain Lightning   |       |       |       |       |       |       |       |       |   178 ||   178
       Mass Confusion    |       |       |       |       |       |       |       |       |    18 ||    18
       Cure Poison       |       |       |       |       |       |       |       |       |    11 ||    11
       Aura of Abjuratio |       |       |       |       |       |       |       |       |     1 ||     1
Invok: Heroism           |       |       |     2 |     3 |     5 |     9 |    11 |    10 |       ||    40
       Finesse           |       |       |       |     1 |     2 |     4 |     7 |     4 |       ||    18
       Vitalisation      |       |       |       |       |       |       |       |     1 |    64 ||    65
       Recite            |       |       |       |       |       |       |       |       |    47 ||    47
       Sanctuary         |       |       |       |       |       |       |       |       |     2 ||     2
       Divine Shield     |       |       |       |       |       |       |       |       |     5 ||     5
       Summon Divine War |       |       |       |       |       |       |       |       |    20 ||    20
 Abil: Stop Singing      |       |       |     1 |       |       |       |       |       |     1 ||     2
       Evoke Flight      |       |       |       |       |       |       |       |       |     2 ||     2
Evoke: Wand              |       |       |     7 |     9 |     6 |    15 |    38 |    12 |    65 ||   152
       Rod               |       |       |       |       |       |     7 |    19 |     1 |     7 ||    34
       Lamp of fire      |       |       |       |       |       |       |     1 |     3 |     6 ||    10
       Deck              |       |       |       |       |       |       |       |       |     9 ||     9
  Use: Scroll            |       |     6 |     5 |    20 |    11 |    27 |    25 |    18 |   124 ||   236
       Potion            |       |     2 |     3 |     6 |     6 |    15 |    11 |    30 |    80 ||   153
 Stab: Sleeping          |     1 |     3 |     2 |    10 |    17 |    13 |     4 |       |    55 ||   105
       Distracted        |     1 |       |     2 |    10 |    23 |    25 |    44 |    53 |   289 ||   447
       Confused          |       |       |    12 |    11 |    25 |    39 |     6 |       |    37 ||   130
       Invisible         |       |       |       |       |       |       |       |     1 |     1 ||     2
       Paralysed         |       |       |       |       |       |       |       |       |     2 ||     2
       Petrified         |       |       |       |       |       |       |       |       |     1 ||     1
  Eat: Chunk             |     4 |    13 |    12 |    32 |    47 |    52 |    54 |    39 |    82 ||   335
       Beef jerky        |       |     1 |     1 |       |       |       |     1 |     7 |    31 ||    41
       Bread ration      |       |     1 |     2 |       |       |       |     1 |       |    25 ||    29
       Fruit             |       |       |     1 |     4 |     1 |    11 |     3 |    22 |    38 ||    80
       Pizza             |       |       |       |       |       |     1 |       |       |    26 ||    27
       Royal jelly       |       |       |       |       |       |       |     2 |       |     2 ||     4
       Meat ration       |       |       |       |       |       |       |     1 |       |    29 ||    30
